 Dungeon Crawl Stone Soup version 0.25.1-2-g60ff931df9 (webtiles) character file.

Game seed: 14884314663047362939

989795 DildoBatman the Petrodigitator (level 27, -13/220 HPs)
             Began as a Formicid Wizard on Sept 1, 2020.
             Was an Initiate of Gozag.
             Mangled by Winozo the pandemonium lord (19 damage)
             ... while petrified by you
             ... on level 24 of a ziggurat on Sept 2, 2020.
             The game lasted 06:20:07 (78628 turns).

DildoBatman the Petrodigitator (Formicid Wizard)   Turns: 78628, Time: 06:20:07

Health: -13/220    AC: 50    Str: 10    XL:     27
Magic:  29/54      EV:  2    Int: 34    God:    Gozag
Gold:   17837      SH:  0    Dex: 12    Spells: 16/62 levels left

rFire    + + .     SeeInvis +   a - staff of energy
rCold    + + +     Gourm    .   A - +9 kite shield of Pragmatism {rPois MP+9}
rNeg     + + +     Faith    .   o - +4 troll leather armour
rPois    ∞         Spirit   .   (helmet unavailable)
rElec    +         Reflect  .   I - +1 cloak "Avocyut" {*Slow rC- MR+ Regen+ Int+2}
rCorr    +         Harm     +   s - +2 pair of gloves of Durable Lucidity {Harm *Drain +Fly rC++}
MR       ++++.                  M - +2 pair of boots {run}
Stlth    ++++++....             m - amulet of Buost {RegenMP +Fly rF+ Int+3 Slay+3}
HPRegen  1.26/turn              l - ring of Robustness {AC+8}
MPRegen  0.59/turn              q - ring of Veesyrr {rC+ AC+4 Str-4 Dex+3}

@: mighty, brilliant, icy armour, lich-form, silence (expiring), resistant,
petrified, no potions, stab, very slightly contaminated, invisible, quick
A: permanent stasis, dig shafts and tunnels, four strong arms, antennae 3,
poison resistance, electricity resistance, MP-powered wands, sturdy frame 1
}: 4/15 runes: decaying, silver, golden, gossamer
a: Dig, Shaft Self, End Transformation, Renounce Religion, Evoke Flight


You were on level 24 of a ziggurat.
You worshipped Gozag.
Gozag was extremely pleased with you.
You were not hungry.
You were a lich.
You visited 10 branches of the dungeon, and saw 46 of its levels.
You visited 1 bazaar.
You visited 2 ziggurats (completing 1), and saw 51 of their levels.
You also visited: Sewer, Ice Cave, Volcano and Desolation.

You collected 46408 gold pieces.
You spent 3635 gold pieces at shops.
You paid 24936 gold pieces to Gozag.

Inventory:

Hand Weapons
 b - the +6 Majin-Bo {vamp, Archmagi MP+6 Int+6}
   (You found it on level 21 of a ziggurat)

   It inflicts no extra harm, but heals its wielder when it wounds a living foe.
   It affects your intelligence (+6).
   It affects your magic capacity (+6).
 d - the +4 mace "Killer Bee's Regret" {venom, rC+ Dex+8}
   (You found it on level 23 of a ziggurat)

   It poisons the flesh of those it strikes.
   It affects your dexterity (+8).
   It protects you from cold.
 f - the +11 morningstar "Jaestied" {venom, rElec rF+}
   (You found it on level 9 of a ziggurat)

   It poisons the flesh of those it strikes.
   It protects you from fire.
   It insulates you from electricity.
Missiles
 p - 142 silver javelins (quivered)
 L - 9 throwing nets
Armour
 o - a +4 troll leather armour (worn)
 s - the +2 pair of gloves of Durable Lucidity (worn) {Harm *Drain +Fly rC++}
   (You found it in the Desolation of Salt)

   It greatly protects you from cold.
   It lets you fly.
   It causes draining when unequipped.
   It increases damage dealt and taken.
 t - a +2 robe of the Archmagi
 A - the +9 kite shield of Pragmatism (worn) {rPois MP+9}
   (You found it on level 22 of a ziggurat)

   It protects you from poison.
   It affects your magic capacity (+9).
 F - the +10 tower shield of Ignorance {rN+ Int-4}
   (You found it on level 1 of the Orcish Mines)

   It affects your intelligence (-4).
   It protects you from negative energy.
 I - the +1 cloak "Avocyut" (worn) {*Slow rC- MR+ Regen+ Int+2}
   (You acquired it on level 8 of the Dungeon)

   It affects your intelligence (+2).
   It makes you vulnerable to cold.
   It affects your resistance to hostile enchantments.
   It increases your rate of regeneration.
   It may slow you when you take damage.
 M - a +2 pair of boots of running (worn)
Magical Staves
 a - an uncursed staff of energy (weapon)
Jewellery
 e - a +4 ring of slaying {unknown}
 l - the ring of Robustness (left hand) {AC+8}
   (You found it on level 1 of a ziggurat)

   [ring of protection]

   It affects your AC (+8).
 m - the amulet of Buost (around neck) {RegenMP +Fly rF+ Int+3 Slay+3}
   (You found it on level 8 of a ziggurat)

   [amulet of magic regeneration]

   It increases your magic regeneration.
   It affects your intelligence (+3).
   It affects your accuracy and damage with ranged weapons and melee attacks
   (+3).
   It protects you from fire.
   It lets you fly.
 q - the ring of Veesyrr (right hand) {rC+ AC+4 Str-4 Dex+3}
   (You took it off a death knight on level 13 of the Dungeon)

   [ring of protection]

   It affects your AC (+4).
   It affects your strength (-4).
   It affects your dexterity (+3).
   It protects you from cold.
 r - the amulet of Vitality {Regen+ HP+15}
   (You found it on level 3 of the Tomb of the Ancients)

   [amulet of regeneration]

   It affects your health (+15).
   It increases your rate of regeneration.
 C - the amulet "Aghoete" {Inacc rN+ MP+9 Str-2 Int+3, unknown}
   (You found it on level 23 of a ziggurat)

   [amulet of inaccuracy]

   It reduces the accuracy of all your attacks.
   It affects your strength (-2).
   It affects your intelligence (+3).
   It protects you from negative energy.
   It affects your magic capacity (+9).
 G - the ring "Plog" {MP+9 Str+5 Dex-5, unknown}
   (You found it on level 23 of a ziggurat)

   [ring of magical power]

   It affects your strength (+5).
   It affects your dexterity (-5).
   It affects your magic capacity (+9).
 Q - the ring of Ephemeral Luck {Int+6 Dex+4, unknown}
   (You found it on level 23 of a ziggurat)

   [ring of intelligence]

   It affects your intelligence (+6).
   It affects your dexterity (+4).
 U - the amulet of Doosch {Acrobat rF+ Str+4 Stlth+, unknown}
   (You found it on level 23 of a ziggurat)

   [amulet of the acrobat]

   It helps you evade while moving and waiting.
   It affects your strength (+4).
   It protects you from fire.
   It makes you more stealthy.
Wands
 B - a wand of iceblast (37)
 J - a wand of acid (40)
 X - a wand of clouds (33)
Scrolls
 h - 3 scrolls of holy word
 n - 8 scrolls of torment
 x - 41 scrolls of remove curse
 y - 18 scrolls of immolation
 z - 28 scrolls of identify
 D - a scroll of summoning
 E - 26 scrolls of fog
 H - 7 scrolls of enchant armour
 P - 12 scrolls of fear
 R - 3 scrolls of amnesia
Potions
 c - 6 potions of mutation
 g - 2 potions of resistance
 i - 33 potions of curing
 j - 14 potions of brilliance
 w - 27 potions of heal wounds
 K - 13 potions of ambrosia
 N - 3 potions of invisibility
 O - 11 potions of might
 T - 2 potions of magic
 Y - 9 potions of cancellation
Miscellaneous
 k - a lightning rod (4/4)
 u - 22 boxes of beasts
 S - 31 phantom mirrors
 V - a phial of floods
Comestibles
 v - 33 rations


   Skills:
 * Level 18.9 Fighting
   Level 12.2 Crossbows
 * Level 18.9 Armour
 * Level 15.6 Dodging
 - Level 18.4 Stealth
 * Level 23.1 Shields
 - Level 12.3 Unarmed Combat
 - Level 18.0 Spellcasting
 - Level 6.0 Conjurations
 - Level 6.0 Charms
 - Level 8.0 Summonings
 - Level 19.0 Necromancy
 - Level 0.8 Translocations
 - Level 22.1 Transmutations
 - Level 5.0 Fire Magic
 - Level 6.0 Ice Magic
 O Level 27 Air Magic
 O Level 27 Earth Magic
 * Level 21.8 Evocations


You had 16 spell levels left.
You knew the following spells:

 Your Spells              Type           Power        Failure   Level  Hunger
a - Borgnjor's Vile Clut  Necr/Erth      #########.   0%          5    N/A
b - Shatter               Erth           ########..   1%          9    N/A
c - Tornado               Air            ########..   1%          9    N/A
d - Necromutation         Tmut/Necr      #########.   1%          8    N/A
g - Ozocubu's Armour      Chrm/Ice       #######.     1%          3    N/A
h - Bolt of Magma         Conj/Fire/Erth ########..   1%          5    N/A
i - Aura of Abjuration    Summ           #######...   1%          5    N/A
z - Shroud of Golubria    Chrm/Tloc      ######       1%          2    N/A

Your spell library contained the following spells:

 Spells                   Type           Power        Failure   Level  Hunger
 Animate Skeleton         Necr           N/A          0%          1    N/A
 Beastly Appendage        Tmut           ######       0%          1    N/A
 Pain                     Necr           ####         0%          1    N/A
 Sandblast                Erth           ######       0%          1    N/A
 Shock                    Conj/Air       ####         0%          1    N/A
 Sting                    Tmut/Pois      ####         0%          1    N/A
 Corpse Rot               Necr/Air       N/A          0%          2    N/A
 Passwall                 Tmut/Erth      ########     0%          2    N/A
 Poisonous Vapours        Pois/Air       ######       0%          2    N/A
 Sticks to Snakes         Tmut           ########     0%          2    N/A
 Sublimation of Blood     Necr           #########.   0%          2    N/A
 Static Discharge         Conj/Air       ########     0%          3    N/A
 Stone Arrow              Conj/Erth      ######       0%          3    N/A
 Vampiric Draining        Necr           #########.   0%          3    N/A
 Airstrike                Air            ########..   0%          4    N/A
 Animate Dead             Necr           N/A          0%          4    N/A
 Dispel Undead            Necr           ########     0%          4    N/A
 Petrify                  Tmut/Erth      ########     0%          4    N/A
 Summon Lightning Spire   Summ/Air       ########     0%          4    N/A
 Agony                    Necr           ########     0%          5    N/A
 Blade Hands              Tmut           ########..   0%          5    N/A
 Lee's Rapid Deconstruct  Erth           ########..   0%          5    N/A
 Statue Form              Tmut/Erth      ########.    0%          6    N/A
 Apportation              Tloc           ######       1%          1    N/A
 Corona                   Hex            #####..      1%          1    N/A
 Foxfire                  Conj/Fire      ####         1%          1    N/A
 Freeze                   Ice            ####         1%          1    N/A
 Infusion                 Chrm           ####         1%          1    N/A
 Magic Dart               Conj           ####         1%          1    N/A
 Summon Butterflies       Summ           #######.     1%          1    N/A
 Summon Small Mammal      Summ           ####         1%          1    N/A
 Call Imp                 Summ           #######.     1%          2    N/A
 Ensorcelled Hibernation  Hex/Ice        ######       1%          2    N/A
 Searing Ray              Conj           ######       1%          2    N/A
 Slow                     Hex            #####...     1%          2    N/A
 Song of Slaying          Chrm           #######.     1%          2    N/A
 Call Canine Familiar     Summ           #######.     1%          3    N/A
 Conjure Flame            Conj/Fire      #######.     1%          3    N/A
 Dazzling Flash           Conj/Hex       ######       1%          3    N/A
 Frozen Ramparts          Ice            ######       1%          3    N/A
 Ignite Poison            Fire/Tmut/Pois #######.     1%          3    N/A
 Inner Flame              Hex/Fire       ######..     1%          3    N/A
 Mephitic Cloud           Conj/Pois/Air  ########     1%          3    N/A
 Recall                   Summ/Tloc      N/A          1%          3    N/A
 Spectral Weapon          Hex/Chrm       ######..     1%          3    N/A
 Spider Form              Tmut/Pois      ########..   1%          3    N/A
 Summon Guardian Golem    Hex/Summ       ######..     1%          3    N/A
 Hailstorm                Conj/Ice       #######.     1%          4    N/A
 Ice Form                 Ice/Tmut       ########     1%          4    N/A
 Leda's Liquefaction      Hex/Erth       ########..   1%          4    N/A
 Sticky Flame             Conj/Fire      #######.     1%          4    N/A
 Summon Ice Beast         Ice/Summ       #######.     1%          4    N/A
 Alistair's Intoxication  Tmut/Pois      ########     1%          5    N/A
 Excruciating Wounds      Chrm/Necr      ########..   1%          5    N/A
 Irradiate                Conj/Tmut      ########..   1%          5    N/A
 Lightning Bolt           Conj/Air       ########..   1%          5    N/A
 Silence                  Hex/Air        ########..   1%          5    N/A
 Summon Demon             Summ           #######...   1%          5    N/A
 Yara's Violent Unravell  Hex/Tmut       ########..   1%          5    N/A
 Conjure Ball Lightning   Conj/Air       ########..   1%          6    N/A
 Death Channel            Necr           #########.   1%          6    N/A
 Eringya's Noxious Bog    Tmut/Pois      ########..   1%          6    N/A
 Freezing Cloud           Conj/Ice/Air   ########..   1%          6    N/A
 Hydra Form               Tmut           ########..   1%          6    N/A
 Iron Shot                Conj/Erth      ########..   1%          6    N/A
 Simulacrum               Ice/Necr       ########..   1%          6    N/A
 Dragon Form              Tmut           ########..   1%          7    N/A
 Gell's Gravitas          Tloc           ######....   2%          3    N/A
 Lesser Beckoning         Tloc           ######....   2%          3    N/A
 Teleport Other           Tloc           ######..     2%          3    N/A
 Iskenderun's Battlesphe  Conj/Chrm      #######.     2%          5    N/A
 Confusing Touch          Hex            #####...     3%          3    N/A
 Portal Projectile        Hex/Tloc       ######       3%          3    N/A
 Tukima's Dance           Hex            #####...     3%          3    N/A
 Fulminant Prism          Conj/Hex       ######....   3%          4    N/A
 Iskenderun's Mystic Bla  Conj/Tloc      ######..     3%          4    N/A
 Fireball                 Conj/Fire      #######...   3%          5    N/A
 Borgnjor's Revivificati  Necr           #########.   3%          8    N/A
 Infestation              Necr           #########.   3%          8    N/A
 Haunt                    Necr/Summ      ########..   4%          7    N/A
 Summon Forest            Summ/Tloc      ######....   5%          5    N/A
 Summon Mana Viper        Hex/Summ       ######..     6%          5    N/A
 Shadow Creatures         Summ           N/A          7%          6    N/A
 Passage of Golubria      Tloc           N/A          9%          4    N/A
 Chain Lightning          Conj/Air       ########..   9%          8    N/A
 Lehudib's Crystal Spear  Conj/Erth      ########..   9%          8    N/A
 Metabolic Englaciation   Hex/Ice        ######....   10%         5    N/A
 Cause Fear               Hex            #####.....   12%         4    N/A
 Olgreb's Toxic Radiance  Pois           #####...     12%         4    N/A
 Ozocubu's Refrigeration  Ice            #######...   16%         6    N/A
 Starburst                Conj/Fire      #######...   19%         6    N/A
 Summon Hydra             Summ           #######...   36%         7    N/A
 Death's Door             Chrm/Necr      ########..   43%         8    N/A
 Spellforged Servitor     Conj/Summ      #######...   50%         7    N/A
 Orb of Destruction       Conj           #######...   65%         7    N/A
 Ring of Flames           Chrm/Fire      #######...   71%         7    N/A
 Dispersal                Tloc           ######....   78%         6    N/A
 Malign Gateway           Summ/Tloc      ######....   86%         7    N/A
 Darkness                 Hex            #####.....   88%         6    N/A
 Invisibility             Hex            #####...     88%         6    N/A
 Discord                  Hex            #####.....   100%        8    N/A
 Disjunction              Tloc           ######....   100%        8    N/A
 Ignition                 Fire           #######...   100%        8    N/A
 Absolute Zero            Ice            #######...   100%        9    N/A
 Dragon's Call            Summ           #######...   100%        9    N/A
 Fire Storm               Conj/Fire      #######...   100%        9    N/A
 Swiftness                Chrm/Air       Unusable     N/A         2    N/A
 Blink                    Tloc           Unusable     N/A         2    N/A
 Controlled Blink         Tloc           Unusable     N/A         8    N/A

Dungeon Overview and Level Annotations

Branches:
Dungeon (15/15)            Temple (1/1) D:7            Lair (6/6) D:8
  Swamp (4/4) Lair:4       Spider (4/4) Lair:4        Slime (0/5) Lair:6
    Orc (2/2) D:10            Elf (3/3) Orc:2        Vaults (5/5) D:14
  Crypt (3/3) Vaults:3       Tomb (3/3) Crypt:3      Depths (0/5) D:15
  Sewer (visited)           IceCv (visited)         Volcano (visited)
Desolation (visited)

Altars:
Ashenzari
Cheibriados
Dithmenos
Elyvilon
Fedhas
Gozag
Hepliaklqana
Kikubaaqudgha
Makhleb
Nemelex Xobeh
Okawaru
Qazlal
Ru
Sif Muna
Trog
Uskayaw
Vehumet
Wu Jian
Xom
Yredelemnul
Zin
The Shining One
Beogh

Shops:
Orc:2 %[[}   Elf:2 (   Tomb:3 !==!**![

Portals:
Trove: D:11 (give +3 shadow dragon scales)


Innate Abilities, Weirdness & Mutations

You cannot be hasted, slowed, berserked, paralysed or teleported.
You can dig through walls and to a lower floor.
Your four strong arms can wield two-handed weapons with a shield.
You have a pair of large antennae on your head. (SInv)
Your system is resistant to poisons. (rPois)
You are resistant to electric shocks. (rElec)
You expend magic power (3 MP) to strengthen your wands.
Your movements are slightly less encumbered by armour. (ER -2)


Message History

Qughas is no longer distracted by gold.
Winozo is no longer distracted by gold.
The blink frog changes into a big kobold!
The ynoxinul is no longer distracted by gold.
Rufyjeos is no longer distracted by gold.
Pocsihidgh is no longer distracted by gold.
Sielial hits you!! Winozo completely misses you.
The Killer Klown sucker-punches you but does no damage.
The smoke demon hits you but does no damage. x3
Qughas hits you but does no damage. Sielial hits you.
An apocalypse crab comes into view.
Hyps gestures.
A very ugly thing and a stone giant come into view.
Rich is no longer distracted by gold.
The apocalypse crab is no longer distracted by gold.
Winozo hits you!!
You die...
Your body crumbles into a pile of gold.

.............#........▓▓
.......................▓
.......................▓▓
........................▓
t.......................▓
.......t&..4.4p...$.....▓
.......D.X.X.&.&........▓▓
......tu&$$2&&Lp&.....∩..▓
......Dt&u&&t3&&$.......▓▓
.......t.3t$XpD.........▓
......YC3.&$$.3.&.......▓
.......G1....$..........▓
.......K...$...........▓▓
........$..............▓
.............#........▓▓


You could see Hyps, Locitt, Pocsihidgh, Punihitz, Qeepalof, Qughas, Rich,
Rufyjeos, Sielial, Tiopramn, Vyqaox, Winozo, Wopremei, Wyphutri, 3 Killer
Klowns, an iron dragon, a golden dragon shaped shifter, a red very ugly thing
(wandering), a Brimstone Fiend, a stone giant (wandering), a lorocyproca
(invisible), a great orb of eyes shaped shifter, a white ugly thing (wandering),
a sun demon (summoned), 5 apocalypse crabs, 3 large abominations, a rust devil
(summoned), 2 smoke demons, a ynoxinul (summoned), a chaos spawn and a big
kobold shaped shifter (wandering).

Vanquished Creatures
  Khufu (Tomb:2)
  3 orbs of fire (Zig:14)
  Mara (Vaults:2)
  21 juggernauts
  15 ancient liches
  54 greater mummies
  2 shard shrikes (Zig:27)
  12 Killer Klowns
  Bai Suzhen (Vaults:5)
  Frederick (Vaults:2)
  Nikola (Lair:4)
  7 caustic shrikes
  3 golden dragons
  5 bone dragons
  5 profane servitors
  Arachne (Spider:2)
  13 pandemonium lords
  3 doom hounds (Zig:20)
  2 Tzitzimimeh
  Jory (Tomb:1)
  2 Brimstone Fiends (Zig:18)
  9 hellephants
  A Hell Sentinel (Zig:4)
  10 tentacled monstrosities
  Rupert (Lair:6)
  Asterion (Spider:1)
  4 Ice Fiends
  11 titans
  3 deep elf blademasters
  Jorgrun (Orc:1)
  11 liches
  7 acid blobs (Zig:7)
  A quicksilver dragon (shapeshifter) (Zig:24)
  4 deep elf master archers
  2 tentacled starspawn (Zig:11)
  A warmonger (Zig:4)
  14 sphinxes
  2 quicksilver dragons
  An eldritch tentacle (Zig:13)
  An Executioner (Zig:9)
  19 ancient champions
  2 thorn hunters
  Agnes (Lair:4)
  8 shadow dragons
  Donald (Crypt:2)
  A shadow dragon (shapeshifter) (Zig:13)
  A storm dragon (Vaults:4)
  12 revenants
  9 tengu reavers
  An azure jelly (shapeshifter) (Zig:24)
  An azure jelly (Zig:7)
  53 nagarajas
  11 draconian monks
  18 draconian knights
  11 deep elf sorcerers
  4 blood saints
  9 frost giants
  31 orc warlords
  17 vault wardens
  11 fire giants
  An iron dragon (Vaults:5)
  12 draconian shifters
  2 imperial myrmidons (Desolation)
  13 balrugs
  Louise (Swamp:4)
  2 black suns
  8 curse skulls
  A cacodemon (Zig:9)
  27 ghost moths
  17 draconian scorchers
  8 ghouls
  12 draconian stormcallers
  Aizul (Lair:4)
  5 caustic shrike zombies
  15 reapers
  10 juggernaut zombies
  23 emperor scorpions
  7 deep elf elementalists
  16 ironheart preservers
  28 stone giants
  3 caustic shrike skeletons
  The ghost of Xetrayse the Cleaver, a journeyman OpIE of Sif Muna (D:12)
  5 war gargoyles
  13 entropy weavers
  14 vampire knights
  11 very ugly things
  Nessos (Lair:5)
  8 bennus
  An entropy weaver (shapeshifter) (Vaults:4)
  20 draconian annihilators
  4 juggernaut skeletons
  9 deep elf demonologists
  2 dire elephants (shapeshifter)
  7 white draconians
  8 black draconians
  17 deep elf annihilators
  11 dire elephants
  7 green draconians
  3 yellow draconians (Zig:24)
  2 spark wasps
  Azrael (Spider:1)
  A lorocyproca (Zig:11)
  8 purple draconians
  11 red draconians
  10 merfolk javelineers
  11 ettins
  19 deep elf death magi
  43 mummy priests
  Snorg (Lair:4)
  Josephine (Orc:2)
  4 crystal guardians (Desolation)
  A quicksilver dragon zombie (Zig:8)
  11 blizzard demons
  A green death (Zig:9)
  11 jiangshi
  16 eidola
  18 yaktaur captains
  10 ragged hierophants (Desolation)
  12 deep elf high priests
  4 fire dragons
  10 servants of whispers (Desolation)
  6 peacekeepers (Desolation)
  41 vault guards
  11 ogre magi
  2 quicksilver dragon skeletons
  A ghost crab (Zig:23)
  4 great orbs of eyes
  21 hydras
  13 shambling mangroves
  4 ice dragons
  8 naga warriors
  3 merfolk avatars
  8 anacondas
  32 two-headed ogres
  5 death knights
  6 catoblepae
  14 centaur warriors
  2 satyrs
  An anaconda (shapeshifter) (Vaults:1)
  3 alligator snapping turtles (Zig:23)
  12 merfolk aquamancers
  50 death scarabs
  6 hell hogs (Zig:18)
  A death yak (Zig:25)
  A death yak (shapeshifter) (Vaults:3)
  19 alligators
  13 vampire magi
  13 naga sharpshooters
  2 thrashing horrors (Zig:11)
  4 titan zombies
  25 orc high priests
  Sonja (D:11)
  2 tengu warriors (D:15)
  5 storm dragon zombies
  5 soul eaters
  A shock serpent (shapeshifter) (Zig:16)
  8 shock serpents
  3 hell knights
  A sixfirhy (Zig:11)
  3 fire crabs (Zig:14)
  An unseen horror (shapeshifter) (Vaults:2)
  25 deep elf knights
  5 shadow wraiths
  A fire crab (shapeshifter) (D:12)
  4 salamander mystics (Zig:22)
  4 golden dragon zombies
  63 skeletal warriors
  6 titan skeletons
  A deep troll (shapeshifter) (Zig:5)
  5 storm dragon skeletons
  2 wretched stars (Zig:11)
  5 unseen horrors
  9 deep trolls
  A sea snake (Zig:7)
  A death drake (Zig:20)
  4 shadow demons
  A sea snake (shapeshifter) (Zig:16)
  A spark wasp zombie (Zig:10)
  19 iron trolls
  A glowing orange brain (Vaults:2)
  An iron giant skeleton (Crypt:1)
  4 spriggan druids
  14 deep elf archers
  11 flayed ghosts
  2 spectral hydras
  2 shadow dragon zombies
  4 iron dragon zombies
  A glowing orange brain (shapeshifter) (D:15)
  6 wizards
  12 swamp dragons
  6 naga ritualists
  2 sphinx zombies
  6 tengu zombies
  10 harpies
  7 orange crystal statues
  18 ironbrand convokers
  A lindwurm (Zig:25)
  4 mana vipers
  22 orc knights
  10 golden dragon skeletons
  A lindwurm (shapeshifter) (Vaults:3)
  3 necromancers
  15 phantasmal warriors
  12 obsidian statues
  2 frost giant zombies
  2 wolf spider zombies
  34 orb spiders
  47 wolf spiders
  4 shadow dragon skeletons
  3 fauns (Zig:16)
  36 orc sorcerers
  A cyclops (shapeshifter) (Vaults:5)
  47 oklob plants
  72 deep elf magi
  5 salamanders
  2 tengu skeletons
  A manticore (D:13)
  23 ugly things
  17 cyclopes
  A faun (shapeshifter) (Zig:16)
  2 salamanders (shapeshifter) (Zig:16)
  A shining eye (Zig:7)
  A sphinx skeleton (Zig:18)
  6 iron dragon skeletons
  A centaur zombie (D:15)
  Maurice (D:9)
  19 moths of wrath
  11 apocalypse crabs
  35 black mambas
  4 spriggan zombies
  An eye of devastation (shapeshifter) (Zig:13)
  17 naga magi
  2 stone giant skeletons (Crypt:3)
  16 elephants
  A rust devil (Zig:18)
  14 vault sentinels
  Maggie (D:6)
  A molten gargoyle (Desolation)
  19 guardian serpents
  10 ice statues
  3 frost giant skeletons (Crypt:3)
  7 fire giant skeletons (Crypt:3)
  2 smoke demons (Zig:11)
  A yaktaur zombie (Vaults:4)
  A large abomination (Zig:11)
  3 dire elephant skeletons
  7 hellions
  A purple draconian zombie (Crypt:2)
  16 torpor snails
  4 spriggan skeletons
  4 gargoyles (Crypt:3)
  38 spiny frogs
  5 rime drakes
  54 yaktaurs
  A yaktaur (shapeshifter) (Vaults:3)
  An elephant slug zombie (Crypt:2)
  A rime drake (shapeshifter) (Vaults:2)
  28 demonic crawlers
  A kobold demonologist (D:13)
  6 efreet (Zig:14)
  11 tormentors
  An anaconda simulacrum (IceCv)
  3 komodo dragons (shapeshifter)
  11 komodo dragons
  2 ancient zymes (Zig:11)
  19 freezing wraiths
  An elf (Vaults:4)
  82 guardian mummies
  2 red devils (Zig:18)
  24 trolls
  A tengu conjurer (D:15)
  3 death drake zombies (Swamp:4)
  10 ice devils
  2 meliai (shapeshifter) (Vaults:3)
  A catoblepas skeleton (D:12)
  A shadow dragon simulacrum (Zig:14)
  A silent spectre (Zig:20)
  The ghost of dengdeng the Chopper, an amateur MiBe of Trog (D:5)
  43 jumping spiders
  50 hornets
  3 wind drakes
  2 hydra zombies (Swamp:4)
  A polar bear (shapeshifter) (Zig:24)
  A polar bear (Lair:4)
  An iron troll skeleton (Crypt:1)
  13 tyrant leeches
  A blink frog (shapeshifter) (Zig:13)
  Prince Ribbit (D:6)
  8 merfolk
  2 hydra skeletons (Swamp:4)
  Grinder (D:4)
  A harpy skeleton (D:15)
  A hornet (shapeshifter) (Vaults:3)
  54 saltlings (Desolation)
  27 blink frogs
  8 bog bodies
  28 slime creatures
  9 dream sheep
  2 death drake skeletons (Swamp:4)
  An ettin zombie (Vaults:4)
  A snapping turtle (Zig:23)
  12 spriggans
  10 fire dragon skeletons (Crypt:3)
  2 fire giant simulacra
  14 hippogriffs
  30 flying skulls
  31 tarantellas
  A centaur simulacrum (D:12)
  2 ice dragon skeletons (Crypt:2)
  A black mamba zombie (Crypt:3)
  93 redbacks
  A spriggan (shapeshifter) (Zig:5)
  An alligator skeleton (Crypt:3)
  A meliai zombie (D:14)
  A dire elephant simulacrum (IceCv)
  A vampire (D:15)
  15 shadows
  A tarantella (shapeshifter) (Zig:16)
  A wind drake zombie (Crypt:2)
  29 wraiths
  4 air elementals (Elf:1)
  A redback (shapeshifter) (Zig:13)
  A ynoxinul (Zig:9)
  An ettin skeleton (Zig:8)
  2 spriggan simulacra
  3 water elementals
  4 basilisks (Zig:25)
  15 fire elementals
  3 wyverns
  4 hungry ghosts
  33 ushabtiu
  58 yaks
  3 humans (Vaults:4)
  Eustachio (D:4)
  A neqoxec (Zig:11)
  3 fire bats (Lair:4)
  A steam dragon (D:12)
  A golden eye (shapeshifter) (Vaults:1)
  35 vampire mosquitoes
  8 chaos spawn
  A water nymph zombie (Crypt:2)
  Edmund (D:5)
  A torturous demonspawn zombie (Crypt:1)
  A harpy simulacrum (IceCv)
  2 iron troll simulacra (IceCv)
  20 insubstantial wisps
  A naga (shapeshifter) (Vaults:5)
  A soldier ant (D:15)
  23 wargs
  11 hell hounds
  3 nagas (Zig:22)
  5 acid dragons
  15 elf zombies
  15 swamp worms
  26 water moccasins
  A water moccasin (shapeshifter) (Zig:16)
  7 hydra simulacra
  2 floating eyes (shapeshifter)
  12 swamp drakes
  14 elf skeletons
  8 porcupines
  2 two-headed ogre skeletons
  2 ogre skeletons (D:12)
  Duvessa (D:4)
  2 ettin simulacra
  12 ice beasts
  109 orc warriors
  A spiny frog skeleton (Crypt:3)
  2 swamp dragon zombies (Swamp:4)
  2 phantoms
  6 sky beasts
  2 orc zombies
  50 ogres
  A snapping turtle skeleton (Crypt:2)
  25 wolves
  2 eyes of draining
  A crocodile (shapeshifter) (Vaults:2)
  A hog zombie (Crypt:1)
  A manticore zombie (D:13)
  9 centaurs
  2 manticore skeletons
  10 necrophages
  A swamp dragon skeleton (Swamp:4)
  2 boggarts
  5 orc skeletons
  12 big kobolds
  Blork the orc (D:5)
  22 crocodiles
  A hippogriff zombie (D:11)
  5 earth elementals
  2 gnoll sergeants (Zig:15)
  A wyvern zombie (D:13)
  25 bullfrogs
  2 cyclops zombies (D:12)
  A yaktaur skeleton (D:11)
  Dowan (D:4)
  6 scorpions
  A warg skeleton (Crypt:1)
  A yak zombie (Crypt:2)
  2 elf simulacra
  3 human simulacra
  14 wights
  3 howler monkeys (D:8)
  A wolf zombie (Crypt:2)
  9 electric eels
  5 crimson imps
  4 bullfrog zombies
  12 hounds
  3 jellies
  A human zombie (D:2)
  Crazy Yiuf (D:6)
  6 centaur skeletons
  42 orc priests
  28 orc wizards
  4 bullfrog skeletons
  2 iguanas
  12 worker ants
  4 hell rats
  4 lightning spires (Zig:27)
  A killer bee zombie (Crypt:1)
  An ogre zombie (D:12)
  A small abomination (Zig:11)
  A hound skeleton (D:12)
  Robin (D:3)
  A howler monkey zombie (D:10)
  118 mummies
  13 adders
  10 gnolls
  2 howler monkey skeletons
  6 river rats (D:7)
  7 shadow imps
  5 white imps
  An ooze (D:3)
  A worm zombie (D:12)
  2 adder zombies
  An adder skeleton (D:12)
  4 worms
  A dart slug (D:2)
  7 leopard geckos
  137 orcs
  3 ball pythons
  19 bats
  7 giant cockroaches
  13 goblins
  11 hobgoblins
  12 jackals
  39 kobolds
  10 quokkas
  12 frilled lizards
  A frilled lizard skeleton (D:13)
  2 goblin skeletons (D:11)
  2 goblin zombies
  2 hobgoblin skeletons (D:11)
  A jackal skeleton (D:4)
  A kobold skeleton (D:12)
  A leopard gecko skeleton (D:12)
  A leopard gecko zombie (D:12)
  2 quokka skeletons (D:7)
  22 rats
  2 fungi
  29 plants
  A starspawn tentacle (Zig:11)
4397 creatures vanquished.

Vanquished Creatures (collateral kills)
  A hornet (Swamp:4)
  3 redbacks
  2 tarantellas (Spider:4)
6 creatures vanquished.

Vanquished Creatures (others)
  A ghost moth (Zig:21)
  39 dancing weapons
  A deep elf knight (Elf:3)
  An orb spider (Zig:23)
  A deep elf mage (Elf:1)
  3 jumping spiders
  2 redbacks (Spider:4)
  2 shadows (Swamp:1)
  2 wraiths (Zig:18)
  A tarantella (Spider:3)
  A neqoxec (Zig:11)
  A human (D:2)
  An ogre (Zig:21)
  A centaur (Volcano)
  An electric eel (Spider:1)
  An orc priest (Orc:2)
  A river rat (Lair:2)
  26 fungi
  66 plants
  3 starspawn tentacles (Zig:11)
155 creatures vanquished.

Grand Total: 4558 creatures vanquished

Notes
Turn   | Place    | Note
-------+----------+-------------------------------------------
     0 | D:1      | DildoBatman the Formicid Wizard began the quest for the
                  | Orb.
     0 | D:1      | Reached XP level 1. HP: 13/13 MP: 4/4
    28 | D:1      | Reached skill level 1 in Conjurations
   163 | D:1      | Reached XP level 2. HP: 19/19 MP: 0/6
   676 | D:1      | Reached XP level 3. HP: 22/24 MP: 1/7
   681 | D:1      | Learned a level 3 spell: Conjure Flame
   685 | D:1      | Learned a level 3 spell: Mephitic Cloud
  1248 | D:2      | Found a shattered altar of Ashenzari.
  1248 | D:2      | Found a hazy altar of Hepliaklqana.
  1253 | D:2      | Found a glowing golden altar of the Shining One.
  1255 | D:2      | Found a faded altar of an unknown god.
  1256 | D:2      | Found a blossoming altar of Fedhas.
  1643 | D:2      | Reached XP level 4. HP: 27/30 MP: 0/8
  1873 | D:2      | Found an ancient bone altar of Kikubaaqudgha.
  1882 | D:2      | Noticed a human
  1884 | D:2      | Killed a human
  1888 | D:2      | Became a worshipper of Kikubaaqudgha
  2467 | D:2      | Reached XP level 5. HP: 26/35 MP: 5/9
  2554 | D:2      | Found a shadowy altar of Dithmenos.
  3070 | D:3      | Noticed Robin
  3375 | D:3      | Killed Robin
  3502 | D:3      | Reached * piety under Kikubaaqudgha
  3502 | D:3      | Identified Kikubaaqudgha's Grimoire of Necromancy
                  | (Kikubaaqudgha gifted it to you on level 3 of the Dungeon)
  3502 | D:3      | Received a gift from Kikubaaqudgha
  3543 | D:3      | Reached skill level 1 in Fire Magic
  3602 | D:3      | Found a sacrificial altar of Ru.
  3640 | D:3      | Reached XP level 6. HP: 30/41 MP: 1/10
  3971 | D:3      | Found a burning altar of Makhleb.
  3971 | D:3      | Found an iron altar of Okawaru.
  4182 | D:3      | Reached skill level 1 in Air Magic
  4235 | D:3      | Reached skill level 5 in Conjurations
  4732 | D:4      | Reached XP level 7. HP: 27/46 MP: 11/11
  4911 | D:4      | Noticed Eustachio
  4981 | D:4      | Killed Eustachio
  5041 | D:4      | Reached ** piety under Kikubaaqudgha
  5167 | D:4      | Reached XP level 8. HP: 31/52 MP: 0/12
  5346 | D:4      | Noticed Grinder
  5470 | D:4      | Noticed Duvessa
  5518 | D:4      | Noticed Dowan
  5606 | D:4      | Reached skill level 1 in Shields
  5648 | D:4      | Killed Grinder
  5759 | D:4      | Killed Duvessa
  5774 | D:4      | Killed Dowan
  5836 | D:4      | Reached skill level 5 in Fire Magic
  5857 | D:4      | Reached XP level 9. HP: 58/58 MP: 13/13
  5991 | D:4      | Reached skill level 1 in Fighting
  5991 | D:4      | Reached skill level 1 in Armour
  6245 | D:4      | Reached *** piety under Kikubaaqudgha
  6245 | D:4      | Identified Kikubaaqudgha's Reference Book on Sinister Rites
                  | (Kikubaaqudgha gifted it to you on level 4 of the Dungeon)
  6245 | D:4      | Received a gift from Kikubaaqudgha
  6531 | D:5      | Entered Level 5 of the Dungeon
  6847 | D:5      | Noticed Blork the orc
  6864 | D:5      | Killed Blork the orc
  6989 | D:5      | Found a runed translucent door.
  6990 | D:5      | Noticed dengdeng's ghost (amateur MiBe)
  7111 | D:5      | Noticed Edmund
  7121 | D:5      | Killed Edmund
  7121 | D:5      | Reached skill level 5 in Air Magic
  7334 | D:5      | Reached skill level 5 in Dodging
  7334 | D:5      | Reached skill level 5 in Spellcasting
  7334 | D:5      | Reached XP level 10. HP: 76/76 MP: 13/18
  7419 | D:6      | Noticed Prince Ribbit
  7429 | D:6      | Killed Prince Ribbit
  7671 | D:6      | Noticed Maggie
  7686 | D:6      | Killed Maggie
  7691 | D:6      | Reached XP level 11. HP: 74/81 MP: 15/19
  7718 | D:6      | Found a glowing drain.
  7724 | Sewer    | Entered a sewer
  7747 | Sewer    | Reached **** piety under Kikubaaqudgha
  8226 | D:6      | Reached skill level 5 in Necromancy
  8273 | D:6      | Found a runed translucent door.
  8274 | D:6      | Noticed Crazy Yiuf
  8304 | D:6      | Killed Crazy Yiuf
  8538 | D:7      | Found a staircase to the Ecumenical Temple.
  8607 | D:7      | Reached ***** piety under Kikubaaqudgha
  9345 | D:7      | Learned a level 4 spell: Dispel Undead
  9348 | D:7      | Learned a level 2 spell: Sublimation of Blood
  9352 | D:7      | Learned a level 3 spell: Vampiric Draining
  9541 | Temple   | Entered the Ecumenical Temple
 10229 | D:8      | Found a staircase to the Lair.
 10327 | D:8      | Reached skill level 10 in Shields
 10746 | D:9      | Noticed Maurice
 10756 | D:9      | Killed Maurice
 10805 | D:9      | Noticed a two-headed ogre
 10823 | D:9      | Killed a two-headed ogre
 11318 | D:9      | Noticed a two-headed ogre
 11326 | D:9      | Killed a two-headed ogre
 11431 | D:9      | Noticed a two-headed hydra
 11440 | D:9      | Killed a one-headed hydra
 11440 | D:9      | Reached XP level 12. HP: 91/91 MP: 17/22
 11653 | D:10     | Entered Level 10 of the Dungeon
 11719 | D:10     | Found a staircase to the Orcish Mines.
 11788 | D:10     | Identified the +7 dagger of Scorn {venom, rF+ SInv}
 11819 | D:10     | Noticed a two-headed ogre
 11835 | D:10     | Killed a two-headed ogre
 11838 | D:10     | Reached ****** piety under Kikubaaqudgha
 11872 | D:9      | Received a gift from Kikubaaqudgha
 11874 | D:9      | Fell from the grace of Kikubaaqudgha
 11946 | Temple   | Became a worshipper of Gozag Ym Sagoz the Greedy
 12180 | D:10     | Found a shimmering altar of Xom.
 13324 | D:11     | Noticed Sonja
 13345 | D:11     | Killed Sonja
 13390 | D:11     | Found a portal to a secret trove of treasure.
 13503 | D:11     | Found a shadowy altar of Dithmenos.
 13599 | D:11     | Noticed a two-headed ogre
 13614 | D:11     | Killed a two-headed ogre
 14206 | D:12     | Found a transporter.
 14206 | D:12     | Noticed a skeletal warrior
 14217 | D:12     | Noticed a skeletal warrior
 14242 | D:12     | Noticed a flayed ghost
 14244 | D:12     | Found a transporter.
 14244 | D:12     | Noticed Xetrayse's ghost (journeyman OpIE)
 15049 | D:13     | Reached XP level 13. HP: 100/100 MP: 20/23
 15104 | D:13     | Found the +5 scythe "Finisher" {speed, eviscerate}
 15287 | D:13     | Noticed an ettin
 15309 | D:13     | Killed an ettin
 15318 | D:13     | Identified the +6 plate armour "Zorph" {rC- rN++ Int+3}
 15318 | D:13     | Identified the ring of Veesyrr {rC+ AC+4 Str-4 Dex+3}
 15328 | D:13     | Noticed a centaur warrior
 15764 | D:13     | Noticed a centaur warrior
 15797 | D:13     | Killed a centaur warrior
 16539 | D:13     | HP: 5/101 [fire crab (shapeshifter) (5)]
 16857 | D:12     | Was forgiven by Kikubaaqudgha
 17092 | D:13     | Reached skill level 10 in Armour
 17099 | D:13     | Noticed a centaur warrior
 17118 | D:13     | Killed a centaur warrior
 17149 | D:13     | Reached skill level 10 in Fighting
 17372 | D:13     | Reached skill level 15 in Shields
 17392 | D:13     | Identified the ring "Epposuuc" {Str+2 Slay+3 SInv}
 17588 | D:13     | Killed a centaur warrior
 17828 | D:13     | Reached XP level 14. HP: 75/110 MP: 24/24
 17833 | D:13     | Learned a level 3 spell: Ozocubu's Armour
 17838 | D:13     | Learned a level 4 spell: Hailstorm
 18240 | D:13     | Reached skill level 1 in Charms
 18240 | D:13     | Reached skill level 1 in Ice Magic
 19123 | D:5      | Killed dengdeng's ghost
 19598 | D:12     | Killed Xetrayse's ghost
 19806 | Orc:1    | Entered Level 1 of the Orcish Mines
 19859 | Orc:1    | Noticed Jorgrun
 20006 | Lair:1   | Entered Level 1 of the Lair of Beasts
 20026 | Lair:1   | You fall into a shaft and drop 1 floor!
 20030 | Lair:1   | Found a bloodstained altar of Trog.
 20152 | Lair:1   | Got a masterwork leather armour
 20163 | Lair:1   | Identified the +3 leather armour "Yclorrul" {Str+7} (You
                  | found it on level 1 of the Lair of Beasts)
 20965 | Lair:2   | Reached skill level 5 in Charms
 20965 | Lair:2   | Reached skill level 5 in Ice Magic
 21926 | Lair:2   | Got a warped scale mail
 21937 | Lair:2   | Identified the +6 scale mail "Cuucvamo" {SInv} (You found
                  | it on level 2 of the Lair of Beasts)
 23059 | Lair:4   | Got a transparent chain mail
 23076 | Lair:3   | Identified the +2 chain mail "Plog" {-Tele MR+ Dex+5} (You
                  | found it on level 4 of the Lair of Beasts)
 23122 | Lair:4   | Found a hole to the Spider Nest.
 23147 | Lair:4   | Found a dark tunnel.
 23154 | Lair:4   | Noticed Snorg
 23173 | Lair:4   | Killed Snorg
 23203 | Volcano  | Entered a volcano
 23246 | Volcano  | Reached XP level 15. HP: 68/115 MP: 21/27
 23442 | Lair:4   | Found a staircase to the Swamp.
 23474 | Lair:4   | Reached skill level 10 in Necromancy
 24634 | Lair:5   | Noticed Nessos
 24656 | Lair:5   | Killed Nessos
 25481 | Lair:6   | Entered Level 6 of the Lair of Beasts
 25481 | Lair:6   | Found a staircase to the Slime Pits.
 26011 | Lair:6   | Noticed Rupert
 26061 | Lair:6   | HP: 1/115 [seven-headed hydra (15)]
 26604 | Orc:1    | Found a runed translucent door.
 26762 | Orc:1    | Found the +10 tower shield of Ignorance {rN+ Int-4}
 26767 | Orc:1    | Found a runed translucent door.
 27008 | Orc:1    | Killed Jorgrun
 27076 | Orc:2    | Entered Level 2 of the Orcish Mines
 27766 | Orc:2    | Reached XP level 16. HP: 112/122 MP: 26/29
 28124 | Orc:2    | Found a staircase to the Elven Halls.
 28464 | Orc:2    | Found a roughly hewn altar of Beogh.
 28609 | Orc:2    | Found Guphum's Food Boutique.
 28619 | Orc:2    | Found Ituneack's Armour Shop.
 28790 | Orc:2    | Noticed Josephine
 28808 | Orc:2    | Killed Josephine
 28818 | Orc:2    | Reached skill level 10 in Spellcasting
 29077 | Orc:2    | Found Rempyshru's Armour Shoppe.
 29186 | Orc:2    | Found a roughly hewn altar of Beogh.
 29204 | Orc:2    | Found Looxac's Gadget Boutique.
 29663 | Orc:2    | Bought a wand of acid (5) for 288 gold pieces
 30018 | Orc:2    | Learned a level 8 spell: Necromutation
 30388 | D:14     | You fall into a shaft and drop 1 floor!
 30388 | D:15     | Entered Level 15 of the Dungeon
 30481 | D:15     | Reached skill level 1 in Transmutations
 31055 | D:15     | Reached skill level 5 in Transmutations
 31079 | D:15     | Reached skill level 15 in Necromancy
 31566 | D:14     | You fall into a shaft and drop 1 floor!
 31731 | D:8      | Learned a level 5 spell: Borgnjor's Vile Clutch
 31906 | D:14     | Found a gate to the Vaults.
 31915 | D:14     | Reached skill level 1 in Earth Magic
 31937 | D:14     | Reached XP level 17. HP: 97/128 MP: 5/31
 33498 | Lair:6   | Reached skill level 5 in Earth Magic
 33880 | Lair:6   | Killed Rupert
 34758 | Spider:1 | Entered Level 1 of the Spider Nest
 34758 | Spider:1 | Noticed Nikola
 34759 | Spider:1 | Noticed Agnes
 34807 | Swamp:1  | Entered Level 1 of the Swamp
 34807 | Swamp:1  | Noticed Aizul
 34847 | Lair:4   | HP: 4/128 [alligator (18)]
 35207 | Lair:4   | Killed Aizul
 36329 | Swamp:1  | Got a dull robe
 36340 | Swamp:1  | Identified the +2 robe "Soys" {rF++ Regen+ Dex-5 Stlth+}
                  | (You found it on level 1 of the Swamp)
 36752 | Swamp:1  | Noticed a thorn hunter
 36775 | Swamp:1  | Killed a thorn hunter
 38505 | Swamp:3  | Reached XP level 18. HP: 124/134 MP: 28/34
 38884 | Swamp:3  | Learned a level 4 spell: Petrify
 39324 | Swamp:4  | Entered Level 4 of the Swamp
 39507 | Swamp:4  | Noticed Louise
 40548 | D:8      | Identified 2 scrolls of acquirement
 40556 | D:8      | Gained mutation: Your body sometimes deteriorates upon
                  | taking damage. [potion of mutation]
 40556 | D:8      | Gained mutation: Your flesh is heat resistant. (rF+)
                  | [potion of mutation]
 40557 | D:8      | Lost mutation: Your body sometimes deteriorates upon taking
                  | damage. [potion of mutation]
 40557 | D:8      | Lost mutation: Your flesh is heat resistant. (rF+) [potion
                  | of mutation]
 40557 | D:8      | Gained mutation: Armour fits poorly on your strangely
                  | shaped body. [potion of mutation]
 40557 | D:8      | Gained mutation: Your mind is acute. (Int +2) [potion of
                  | mutation]
 40557 | D:8      | Gained mutation: You are robust. (+10% HP) [potion of
                  | mutation]
 40558 | D:8      | Lost mutation: You are robust. (+10% HP) [potion of
                  | mutation]
 40558 | D:8      | Lost mutation: Your mind is acute. (Int +2) [potion of
                  | mutation]
 40558 | D:8      | Lost mutation: Armour fits poorly on your strangely shaped
                  | body. [potion of mutation]
 40558 | D:8      | Gained mutation: You evolve. [potion of mutation]
 40558 | D:8      | Gained mutation: You are agile. (Dex +2) [potion of
                  | mutation]
 40558 | D:8      | Gained mutation: Your system is resistant to poisons.
                  | (rPois) [potion of mutation]
 40572 | D:8      | Acquired the ring "Wimaf" {rElec Str+4 Dex+6}
 40580 | D:8      | Acquired the +1 cloak "Avocyut" {*Slow rC- MR+ Regen+
                  | Int+2}
 40795 | Lair:4   | Killed Nikola
 40800 | Lair:4   | Killed Agnes
 40869 | Lair:4   | Gained mutation: You are partially covered in molten
                  | scales. (AC +2) [evolution]
 40932 | Spider:1 | Reached skill level 15 in Spellcasting
 41179 | Spider:1 | You fall into a shaft and drop 1 floor!
 41227 | Spider:1 | Noticed Azrael
 41246 | Spider:1 | Killed Azrael
 41373 | Spider:1 | Noticed Asterion
 41389 | Spider:1 | Killed Asterion
 42033 | Spider:2 | Noticed Arachne
 42055 | Spider:2 | Killed Arachne
 42055 | Spider:2 | Reached XP level 19. HP: 94/140 MP: 21/38
 43357 | Spider:3 | Learned a level 5 spell: Bolt of Magma
 43364 | Spider:3 | Learned a level 6 spell: Statue Form
 43823 | Spider:4 | Entered Level 4 of the Spider Nest
 44223 | Spider:4 | Reached skill level 10 in Earth Magic
 45155 | Spider:4 | Got a gossamer rune of Zot
 46073 | Swamp:4  | Reached XP level 20. HP: 141/147 MP: 19/41
 46207 | Swamp:4  | Found a blossoming altar of Fedhas.
 46453 | Swamp:4  | Found a basalt altar of Yredelemnul.
 46468 | Swamp:4  | Got a decaying rune of Zot
 46826 | Swamp:4  | Killed Louise
 47196 | Vaults:1 | Entered Level 1 of the Vaults
 48774 | Vaults:2 | Reached skill level 15 in Earth Magic
 48861 | Vaults:2 | Noticed Frederick
 48875 | Vaults:2 | Killed Frederick
 49013 | Vaults:2 | Reached XP level 21. HP: 141/153 MP: 12/42
 50193 | Vaults:3 | Noticed Mara
 50280 | Vaults:3 | Noticed DildoBatman's illusion
 50333 | Vaults:2 | Noticed DildoBatman's illusion
 50576 | Vaults:3 | Found a staircase to the Crypt.
 51186 | Vaults:2 | Killed Mara
 51225 | Vaults:4 | Reached XP level 22. HP: 94/159 MP: 19/44
 51286 | Vaults:4 | Found a gateway to a bazaar.
 51320 | Vaults:4 | Found a ruined gateway.
 51466 | Desolati | Entered the Desolation of Salt
 51821 | Desolati | Got a translucent tin amulet
 51828 | Desolati | Got a spiked chain mail
 52030 | Desolati | Lost mutation: You are agile. (Dex +2) [evolution]
 52056 | Desolati | Identified Lee's Guide on Earthen Battle Magic
 52493 | Desolati | Identified the Incunabulum of the Valley
 52497 | Desolati | Identified the Incunabulum of Spatial Hexes
 52720 | Desolati | Got a pair of smoking gloves
 52788 | Desolati | Identified the +2 pair of gloves of Durable Lucidity {Harm
                  | *Drain +Fly rC++} (You found it in the Desolation of Salt)
 52801 | Desolati | Identified the +2 chain mail of Insurance {Slay+2} (You
                  | found it in the Desolation of Salt)
 52808 | Desolati | Identified the amulet of the Duchess {Acrobat +Inv rF+
                  | SInv} (You found it in the Desolation of Salt)
 52842 | Desolati | Identified a +2 pair of boots of running (You found it in
                  | the Desolation of Salt)
 53388 | Vaults:4 | Got a crude buckler
 53399 | Vaults:4 | Identified the cursed +0 buckler "Beiwuisu" {Int+4} (You
                  | found it on level 4 of the Vaults)
 53468 | Vaults:4 | Reached skill level 10 in Transmutations
 53903 | Bazaar   | Entered a bazaar
 53933 | Bazaar   | Found Tiale's Magic Scroll Emporium.
 53933 | Bazaar   | Found Qugelaf's Food Shoppe.
 53943 | Bazaar   | Bought 3 scrolls of identify for 60 gold pieces
 53943 | Bazaar   | Bought a scroll of immolation for 35 gold pieces
 53943 | Bazaar   | Bought a scroll of identify for 20 gold pieces
 53954 | Bazaar   | Found Syonn's General Store.
 53958 | Bazaar   | Bought a scroll of identify for 26 gold pieces
 53958 | Bazaar   | Bought a potion of heal wounds for 65 gold pieces
 53969 | Bazaar   | Found Rangotu's Antique Armour Emporium.
 53969 | Bazaar   | Found Odus Jaj's Food Shoppe.
 54285 | Elf:1    | Entered Level 1 of the Elven Halls
 54757 | Elf:1    | Reached XP level 23. HP: 165/165 MP: 40/45
 54936 | Elf:1    | Identified the Collected Works on Battle Magic
 55521 | Elf:2    | Found a runed translucent gate.
 55521 | Elf:2    | Found a runed translucent gate.
 55525 | Elf:2    | Found a runed translucent gate.
 55560 | Elf:2    | Found Uqephuic's Antique Weapon Emporium.
 56376 | Elf:3    | Entered Level 3 of the Elven Halls
 56395 | Elf:3    | Found a frozen archway.
 56402 | IceCv    | Entered an ice cave
 57571 | Elf:3    | Reached skill level 15 in Transmutations
 57600 | Elf:3    | Identified the +9 long sword "Gefij" {drain, rC+ rN+ Str+2
                  | Int+2}
 57739 | Elf:3    | Reached XP level 24. HP: 172/172 MP: 34/45
 57810 | Elf:3    | Got a steaming pewter ring
 57842 | Elf:3    | Got a translucent chain mail
 57853 | Elf:3    | Identified the +5 chain mail "Julic" {+Fly rN++ Str-5} (You
                  | found it on level 3 of the Elven Halls)
 57945 | Elf:3    | Identified the Grimoire of Changing and Envenoming
 57971 | Elf:3    | Identified the Reference Book on Lightness and Sinister
                  | Magic
 58009 | Elf:3    | Identified the ring "Koorhel" {rC+ rN+ MR+ MP-9}
 58033 | Elf:3    | Identified the ring of Vawoes {*Slow Int+2 Dex+5 Stlth-}
                  | (You found it on level 3 of the Elven Halls)
 58194 | Elf:3    | Got an ancient chain mail
 58205 | Elf:3    | Identified the cursed +0 chain mail of the Last Wishes
                  | {+Blink +Inv Stlth-} (You found it on level 3 of the Elven
                  | Halls)
 58552 | Crypt:1  | Entered Level 1 of the Crypt
 58642 | Crypt:1  | Got a slimy rapier
 58644 | Crypt:1  | Identified the +6 rapier of Upsec {holy, rC- Str+3 Int+7
                  | Dex+4} (You found it on level 1 of the Crypt)
 58839 | Crypt:1  | Learned a level 9 spell: Shatter
 58905 | Crypt:1  | Got a bloodstained robe
 58916 | Crypt:1  | Identified the +3 robe of the Griffon {*Corrode Regen+
                  | Int+7 Dex-4} (You found it on level 1 of the Crypt)
 59827 | Crypt:2  | Noticed Donald
 59832 | Crypt:2  | Killed Donald
 60209 | Crypt:3  | Entered Level 3 of the Crypt
 60574 | Crypt:3  | Identified the Catalogue of Curses and Stones
 60845 | Crypt:3  | Identified the Almanac of Evil
 61196 | Crypt:3  | Reached XP level 25. HP: 177/177 MP: 45/45
 61271 | Crypt:3  | Found a staircase to the Tomb.
 61364 | Crypt:3  | Noticed an ancient lich
 61371 | Crypt:3  | Killed an ancient lich
 61758 | Crypt:3  | Got a buzzing dire flail
 61997 | Crypt:3  | Identified the cursed +2 dire flail of Futuristic Prudence
                  | {flame, rElec rN+ MP+9 Str-5} (You found it on level 3 of
                  | the Crypt)
 62005 | Tomb:1   | Entered Level 1 of the Tomb of the Ancients
 62023 | Tomb:1   | Learned a level 2 spell: Shroud of Golubria
 62029 | Tomb:1   | Learned a level 5 spell: Aura of Abjuration
 62107 | Tomb:1   | Noticed Jory
 62114 | Tomb:1   | Killed Jory
 62383 | Tomb:1   | Noticed a greater mummy
 62393 | Tomb:1   | Killed a greater mummy
 62400 | Tomb:1   | Noticed a greater mummy
 62415 | Tomb:1   | Killed a greater mummy
 62415 | Tomb:1   | Reached skill level 5 in Summonings
 62967 | Tomb:1   | Noticed a greater mummy
 62968 | Tomb:1   | Noticed a greater mummy
 62969 | Tomb:1   | Noticed a greater mummy
 62970 | Tomb:1   | Noticed a greater mummy
 62972 | Tomb:1   | Noticed a greater mummy
 62976 | Tomb:1   | Killed a greater mummy
 62976 | Tomb:1   | Noticed a greater mummy
 62976 | Tomb:1   | Noticed a greater mummy
 62977 | Tomb:1   | Noticed a greater mummy
 62978 | Tomb:1   | Killed a greater mummy
 62981 | Tomb:1   | Killed a greater mummy
 62984 | Tomb:1   | Killed a greater mummy
 62989 | Tomb:1   | Killed a greater mummy
 62992 | Tomb:1   | Killed a greater mummy
 62993 | Tomb:1   | Killed a greater mummy
 62994 | Tomb:1   | Killed a greater mummy
 62994 | Tomb:1   | Reached XP level 26. HP: 78/184 MP: 10/45
 63033 | Tomb:1   | Noticed a greater mummy
 63042 | Tomb:1   | Killed a greater mummy
 63051 | Tomb:1   | Noticed a greater mummy
 63052 | Tomb:1   | Noticed a greater mummy
 63145 | Tomb:1   | Killed a greater mummy
 63166 | Tomb:1   | Killed a greater mummy
 63312 | Tomb:1   | Noticed a greater mummy
 63319 | Tomb:1   | Killed a greater mummy
 63450 | Tomb:1   | Noticed a greater mummy
 63468 | Tomb:1   | Killed a greater mummy
 63469 | Tomb:1   | Noticed a greater mummy
 63472 | Tomb:1   | Killed a greater mummy
 63971 | Vaults:5 | Entered Level 5 of the Vaults
 64128 | Vaults:5 | Noticed an ancient lich
 64131 | Vaults:5 | Killed an ancient lich
 64336 | Vaults:5 | Reached XP level 27. HP: 167/190 MP: 27/45
 64439 | Vaults:5 | Noticed Bai Suzhen
 64618 | Vaults:5 | Killed Bai Suzhen
 64731 | Vaults:5 | Identified the +9 falchion of Teoxeh {vamp, *Noise rF+++
                  | Int-3 Dex+8}
 65353 | Vaults:5 | Got a silver rune of Zot
 65958 | Vaults:5 | Got a crude arbalest
 65963 | Vaults:5 | Got a pitted falchion
 65964 | Vaults:5 | Identified the +1 arbalest of the Everdark {speed, rF+}
                  | (You found it on level 5 of the Vaults)
 65966 | Vaults:5 | Identified the +1 falchion "Japnas" {vorpal, Str+3} (You
                  | found it on level 5 of the Vaults)
 66013 | Vaults:5 | Learned a level 9 spell: Tornado
 66432 | Tomb:2   | Noticed a greater mummy
 66436 | Tomb:2   | Reached skill level 1 in Evocations
 66436 | Tomb:2   | Reached skill level 27 in Earth Magic
 66436 | Tomb:2   | Noticed a greater mummy
 66439 | Tomb:2   | Killed a greater mummy
 66441 | Tomb:2   | Noticed a greater mummy
 66441 | Tomb:2   | Noticed a greater mummy
 66444 | Tomb:2   | Killed a greater mummy
 66444 | Tomb:2   | Reached skill level 5 in Evocations
 66450 | Tomb:2   | Killed a greater mummy
 66450 | Tomb:2   | Killed a greater mummy
 66617 | Tomb:2   | Reached skill level 10 in Evocations
 67408 | Tomb:3   | Entered Level 3 of the Tomb of the Ancients
 67419 | Tomb:3   | Noticed a greater mummy
 67419 | Tomb:3   | Noticed a greater mummy
 67420 | Tomb:3   | Noticed Khufu
 67430 | Tomb:3   | Found the macabre finger necklace {rN+}
 67449 | Tomb:2   | Killed Khufu
 67555 | Tomb:3   | Noticed a greater mummy
 67556 | Tomb:3   | Noticed a greater mummy
 67558 | Tomb:3   | Noticed a greater mummy
 67558 | Tomb:3   | Noticed a greater mummy
 67559 | Tomb:3   | Killed a greater mummy
 67559 | Tomb:3   | Killed a greater mummy
 67559 | Tomb:3   | Killed a greater mummy
 67561 | Tomb:3   | Noticed a greater mummy
 67561 | Tomb:3   | Noticed a greater mummy
 67563 | Tomb:3   | Noticed a greater mummy
 67572 | Tomb:3   | Noticed a greater mummy
 67574 | Tomb:3   | Killed a greater mummy
 67574 | Tomb:3   | Killed a greater mummy
 67574 | Tomb:3   | Killed a greater mummy
 67597 | Tomb:2   | Killed a greater mummy
 67659 | Tomb:3   | Reached skill level 10 in Air Magic
 67659 | Tomb:3   | Noticed a greater mummy
 67665 | Tomb:3   | Killed a greater mummy
 67675 | Tomb:3   | Killed a greater mummy
 67679 | Tomb:3   | Killed a greater mummy
 67686 | Tomb:3   | Killed a greater mummy
 67774 | Tomb:3   | Identified the Disquisition on Feathers and Transformation
 67775 | Tomb:3   | Found the amulet of Vitality {Regen+ HP+15}
 67807 | Tomb:3   | Identified the Compendium of Dark Rites and Good Luck
 67833 | Tomb:3   | Got a fading flail
 67856 | Tomb:3   | Identified the cursed +0 flail of Eternity {venom, rPois
                  | rF+++ Int-5 Dex-3} (You found it on level 3 of the Tomb of
                  | the Ancients)
 68208 | Tomb:3   | Got a heavily runed diamond amulet
 68209 | Tomb:3   | Identified the amulet "Baysog Zoha" {Reflect Str+2 SH+5}
                  | (You found it on level 3 of the Tomb of the Ancients)
 68269 | Tomb:3   | Got a faintly glowing morningstar
 68270 | Tomb:3   | Identified the cursed +0 morningstar "Laggeprine" {freeze,
                  | Int+6 Stlth-} (You found it on level 3 of the Tomb of the
                  | Ancients)
 68276 | Tomb:3   | Got a turquoise-encrusted ring mail
 68287 | Tomb:3   | Identified the +0 ring mail of the Evening {Dex+3 Stlth+}
                  | (You found it on level 3 of the Tomb of the Ancients)
 68294 | Tomb:3   | Got a steaming broad axe
 68295 | Tomb:3   | Identified the +5 broad axe of Context {vorpal, rN+ Str+4}
                  | (You found it on level 3 of the Tomb of the Ancients)
 68306 | Tomb:3   | Got a warped shortbow
 68307 | Tomb:3   | Identified the +8 shortbow of the Disturbing Songs {vorpal,
                  | Int+3} (You found it on level 3 of the Tomb of the
                  | Ancients)
 68347 | Tomb:3   | Got a golden rune of Zot
 68460 | Tomb:3   | Bought a potion of curing for 57 gold pieces
 68460 | Tomb:3   | Bought a potion of invisibility for 152 gold pieces
 68460 | Tomb:3   | Bought a potion of curing for 57 gold pieces
 68462 | Tomb:3   | Bought a potion of curing for 66 gold pieces
 68462 | Tomb:3   | Bought a potion of curing for 66 gold pieces
 68462 | Tomb:3   | Bought a potion of mutation for 176 gold pieces
 68462 | Tomb:3   | Bought 2 potions of cancellation for 352 gold pieces
 68462 | Tomb:3   | Bought a scroll of identify for 44 gold pieces
 68466 | Tomb:3   | Bought a potion of magic for 120 gold pieces
 68466 | Tomb:3   | Bought a potion of curing for 45 gold pieces
 68466 | Tomb:3   | Bought a potion of cancellation for 120 gold pieces
 68466 | Tomb:3   | Bought a potion of brilliance for 60 gold pieces
 68473 | Tomb:3   | Bought 3 potions of ambrosia for 528 gold pieces
 68473 | Tomb:3   | Bought a potion of curing for 66 gold pieces
 68473 | Tomb:3   | Bought a potion of curing for 66 gold pieces
 68473 | Tomb:3   | Bought 2 potions of heal wounds for 220 gold pieces
 68473 | Tomb:3   | Bought a potion of mutation for 176 gold pieces
 68473 | Tomb:3   | Bought a potion of mutation for 176 gold pieces
 68473 | Tomb:3   | Bought a potion of ambrosia for 176 gold pieces
 68473 | Tomb:3   | Bought a potion of heal wounds for 110 gold pieces
 68477 | Tomb:3   | Bought a +1 troll leather armour for 308 gold pieces
 68546 | Tomb:3   | Lost mutation: You evolve. [potion of mutation]
 68546 | Tomb:3   | Lost mutation: Your system is resistant to poisons. (rPois)
                  | [potion of mutation]
 68546 | Tomb:3   | Gained mutation: Your system is resistant to poisons.
                  | (rPois) [potion of mutation]
 68546 | Tomb:3   | Gained mutation: Your body sometimes deteriorates upon
                  | taking damage. [potion of mutation]
 68546 | Tomb:3   | Gained mutation: You expend magic power (3 MP) to
                  | strengthen your wands. [potion of mutation]
 68546 | Tomb:3   | Gained mutation: You are resistant to electric shocks.
                  | (rElec) [potion of mutation]
 68547 | Tomb:3   | Lost mutation: Your body sometimes deteriorates upon taking
                  | damage. [potion of mutation]
 68547 | Tomb:3   | Lost mutation: You expend magic power (3 MP) to strengthen
                  | your wands. [potion of mutation]
 68547 | Tomb:3   | Lost mutation: Your system is resistant to poisons. (rPois)
                  | [potion of mutation]
 68547 | Tomb:3   | Gained mutation: You possess an exceptional clarity of
                  | mind. [potion of mutation]
 68547 | Tomb:3   | Gained mutation: You are somewhat resistant to further
                  | mutation. [potion of mutation]
 68548 | Tomb:3   | Lost mutation: You are resistant to electric shocks.
                  | (rElec) [potion of mutation]
 68548 | Tomb:3   | Lost mutation: You possess an exceptional clarity of mind.
                  | [potion of mutation]
 68548 | Tomb:3   | Gained mutation: Your skin changes colour to match your
                  | surroundings (Stealth+). [potion of mutation]
 68548 | Tomb:3   | Gained mutation: You expend magic power (3 MP) to
                  | strengthen your wands. [potion of mutation]
 68549 | Tomb:3   | Lost mutation: You are somewhat resistant to further
                  | mutation. [potion of mutation]
 68549 | Tomb:3   | Lost mutation: You expend magic power (3 MP) to strengthen
                  | your wands. [potion of mutation]
 68549 | Tomb:3   | Lost mutation: You are partially covered in molten scales.
                  | (AC +2) [potion of mutation]
 68549 | Tomb:3   | Gained mutation: Your body sometimes deteriorates upon
                  | taking damage. [potion of mutation]
 68549 | Tomb:3   | Gained mutation: Your flesh is cold resistant. (rC+)
                  | [potion of mutation]
 68549 | Tomb:3   | Gained mutation: Your muscles are strong. (Str +2) [potion
                  | of mutation]
 68550 | Tomb:3   | Lost mutation: Your body sometimes deteriorates upon taking
                  | damage. [potion of mutation]
 68550 | Tomb:3   | Lost mutation: Your muscles are strong. (Str +2) [potion of
                  | mutation]
 68550 | Tomb:3   | Lost mutation: Your flesh is cold resistant. (rC+) [potion
                  | of mutation]
 68550 | Tomb:3   | Gained mutation: You are weak. (Str -2) [potion of
                  | mutation]
 68550 | Tomb:3   | Lost mutation: You are weak. (Str -2) [potion of mutation]
 68551 | Tomb:3   | Lost mutation: Your skin changes colour to match your
                  | surroundings (Stealth+). [potion of mutation]
 68551 | Tomb:3   | Gained mutation: You are resistant to hostile enchantments.
                  | (MR+) [potion of mutation]
 68551 | Tomb:3   | Gained mutation: You possess an exceptional clarity of
                  | mind. [potion of mutation]
 68552 | Tomb:3   | Lost mutation: You are resistant to hostile enchantments.
                  | (MR+) [potion of mutation]
 68552 | Tomb:3   | Lost mutation: You possess an exceptional clarity of mind.
                  | [potion of mutation]
 68552 | Tomb:3   | Gained mutation: You occasionally shout uncontrollably at
                  | your foes. [potion of mutation]
 68552 | Tomb:3   | Gained mutation: You passively map a small area around you.
                  | [potion of mutation]
 68552 | Tomb:3   | Gained mutation: You are partially covered in thin metallic
                  | scales. (AC +2) [potion of mutation]
 68553 | Tomb:3   | Lost mutation: You occasionally shout uncontrollably at
                  | your foes. [potion of mutation]
 68553 | Tomb:3   | Gained mutation: You are agile. (Dex +2) [potion of
                  | mutation]
 68553 | Tomb:3   | Gained mutation: Your system is resistant to poisons.
                  | (rPois) [potion of mutation]
 68564 | Zig:1    | Entered Level 1 of a ziggurat
 68564 | Zig:1    | Found the ring of Robustness {AC+8}
 68596 | Zig:2    | Entered Level 2 of a ziggurat
 68644 | Zig:3    | Entered Level 3 of a ziggurat
 68660 | Zig:3    | Got an ivory great mace
 68664 | Zig:3    | Identified the +6 great mace of Fate {vorpal, rElec rF-
                  | Int+5 SInv} (You found it on level 3 of a ziggurat)
 68689 | Zig:4    | Entered Level 4 of a ziggurat
 68732 | Zig:5    | Entered Level 5 of a ziggurat
 68773 | Zig:5    | Got a crude plate armour
 68801 | Zig:6    | Entered Level 6 of a ziggurat
 68885 | Zig:7    | Entered Level 7 of a ziggurat
 68981 | Zig:8    | Entered Level 8 of a ziggurat
 69055 | Zig:8    | Got a fine hand axe
 69058 | Zig:8    | Got a smoking mace
 69063 | Zig:8    | Identified the +2 hand axe "Asenuih" {protect, *Corrode
                  | Int+6} (You found it on level 8 of a ziggurat)
 69065 | Zig:8    | Identified the +10 mace of the Extremes {antimagic, rC+}
                  | (You found it on level 8 of a ziggurat)
 69112 | Zig:9    | Entered Level 9 of a ziggurat
 69134 | Zig:9    | Noticed Roru the pandemonium lord
 69157 | Zig:9    | Killed Roru the pandemonium lord
 69239 | Zig:9    | Got a faintly glowing morningstar
 69244 | Zig:9    | Identified the +11 morningstar "Jaestied" {venom, rElec
                  | rF+} (You found it on level 9 of a ziggurat)
 69274 | Zig:10   | Entered Level 10 of a ziggurat
 69313 | Zig:10   | Found the +12 glaive of Prune {vorpal}
 69345 | Zig:10   | Identified the Almanac of Good Luck and Feathers
 69370 | Zig:10   | Got a masterwork leather armour
 69377 | Zig:10   | Got a transparent broad axe
 69383 | Zig:10   | Identified the +4 broad axe "Kerph" {speed, rElec Dex+2}
                  | (You found it on level 10 of a ziggurat)
 69408 | Zig:11   | Entered Level 11 of a ziggurat
 69547 | Zig:11   | Found the +7 Kryia's mail coat {PotionHeal*2 rC+}
 69557 | Zig:11   | Identified the Guide on the Supportive Volcanoes
 69568 | Zig:11   | Got a transparent longbow
 69591 | Zig:12   | Entered Level 12 of a ziggurat
 69637 | Zig:12   | Got an ancient bronze ring
 69671 | Zig:12   | Got a bound bone ring
 69715 | Zig:12   | Identified the +10 longbow "Haseetea" {venom, rElec rN++}
                  | (You found it on level 11 of a ziggurat)
 69718 | Zig:12   | Identified the ring "Somioso" {+Inv +Fly MR+ Str-3 SInv}
                  | (You found it on level 12 of a ziggurat)
 69720 | Zig:12   | Identified the ring of Ujauthit {*Tele Str+4 Stlth+} (You
                  | found it on level 12 of a ziggurat)
 69743 | Zig:13   | Entered Level 13 of a ziggurat
 69757 | Zig:13   | Noticed a juggernaut
 69758 | Zig:13   | Reached skill level 15 in Air Magic
 69765 | Zig:13   | Killed a juggernaut
 69878 | Zig:13   | Got a sparkling bone ring
 69883 | Zig:13   | Got a glittering iron ring
 69917 | Zig:14   | Entered Level 14 of a ziggurat
 69924 | Zig:14   | Noticed an orb of fire
 69932 | Zig:14   | Noticed an orb of fire
 69933 | Zig:14   | Noticed an orb of fire
 69949 | Zig:14   | Killed an orb of fire
 69949 | Zig:14   | Killed an orb of fire
 69949 | Zig:14   | Reached skill level 5 in Stealth
 69960 | Zig:14   | Killed an orb of fire
 70059 | Zig:14   | Identified Sif Muna's Compendium of Helpful Earth
 70062 | Zig:14   | Identified The Arcane Secrets of Wizardry
 70126 | Zig:14   | Got a crystal war axe
 70133 | Zig:14   | Got a smoking hand axe
 70136 | Zig:14   | Identified the cursed +1 hand axe of Parts Unknown {drain,
                  | Dex+2} (You found it on level 14 of a ziggurat)
 70139 | Zig:14   | Identified the +10 war axe "Tummiup" {vorpal, rElec rF-
                  | Int+2} (You found it on level 14 of a ziggurat)
 70143 | Zig:14   | Identified the ring "Neluero" {Ice MR+ MP+9 Str+4 Dex-2}
                  | (You found it on level 13 of a ziggurat)
 70145 | Zig:14   | Identified the ring of Ahesumiu {rPois rF+ rN+} (You found
                  | it on level 13 of a ziggurat)
 70156 | Zig:15   | Entered Level 15 of a ziggurat
 70202 | Zig:15   | Identified the Almanac of the Hidden Vale
 70294 | Zig:15   | Got a dazzling flail
 70298 | Zig:15   | Got a crystal flail
 70300 | Zig:15   | Identified the +4 flail "Lugarar" {speed, rN+} (You found
                  | it on level 15 of a ziggurat)
 70302 | Zig:15   | Identified the +3 flail of the Thing {antimagic, Stlth+}
                  | (You found it on level 15 of a ziggurat)
 70349 | Zig:16   | Entered Level 16 of a ziggurat
 70363 | Zig:16   | Reached skill level 10 in Stealth
 70543 | Zig:17   | Entered Level 17 of a ziggurat
 70761 | Zig:17   | Got a bloodstained short sword
 70763 | Zig:17   | Identified the +8 short sword of Donkuph {antimagic, Dex+4}
                  | (You found it on level 17 of a ziggurat)
 70816 | Zig:18   | Entered Level 18 of a ziggurat
 70979 | Zig:18   | Got a pitted lead ring
 71055 | Zig:18   | Identified the ring "Yjuczipo" {rPois rF+ rN+} (You found
                  | it on level 18 of a ziggurat)
 71062 | Zig:18   | Got a masterwork dire flail
 71063 | Zig:18   | Identified the cursed +2 dire flail "Heclyf Xaick" {flame,
                  | Int+2} (You found it on level 18 of a ziggurat)
 71087 | Zig:19   | Entered Level 19 of a ziggurat
 71118 | Zig:19   | Found the +4 skin of Zhor {Englaciate rC+++ SInv}
 71257 | Zig:19   | Got a wavering golden ring
 71345 | Zig:19   | Got a dazzling shortbow
 71348 | Zig:19   | Identified the +12 shortbow of Wicked Offence {speed,
                  | Fragile rC++ rN++} (You found it on level 19 of a ziggurat)
 71356 | Zig:19   | Identified the ring of Julaural {*Tele *Slow rC- Int+8}
                  | (You found it on level 19 of a ziggurat)
 71368 | Zig:20   | Entered Level 20 of a ziggurat
 71529 | Zig:20   | Identified the Reference Book on Creative Fascination
 71534 | Zig:20   | Identified Sif Muna's Disquisition on Mutagenic Feathers
 71566 | Zig:20   | Identified Ugryrra's Disquisition on Protection and Black
                  | Magic
 71579 | Zig:20   | Got a transparent tin ring
 71581 | Zig:20   | Identified the ring "Ugisitiwn" {rC++ rN+} (You found it on
                  | level 20 of a ziggurat)
 71591 | Zig:20   | Got a steaming quarterstaff
 71592 | Zig:20   | Identified the +3 quarterstaff of Conformity {pain, Str+5
                  | Int-2} (You found it on level 20 of a ziggurat)
 71595 | Zig:20   | Got a jewelled spear
 71596 | Zig:20   | Identified the cursed +1 spear of Gallantry {freeze, Dex+7
                  | Stlth+} (You found it on level 20 of a ziggurat)
 71605 | Zig:20   | Got a smoking kite shield
 71616 | Zig:20   | Identified the +5 kite shield of Classification {Dex+3}
                  | (You found it on level 20 of a ziggurat)
 71634 | Zig:20   | Lost mutation: You are agile. (Dex +2) [potion of mutation]
 71634 | Zig:20   | Gained mutation: You passively map the area around you.
                  | [potion of mutation]
 71634 | Zig:20   | Gained mutation: Your flesh is heat resistant. (rF+)
                  | [potion of mutation]
 71634 | Zig:20   | Gained mutation: You are mostly covered in thin metallic
                  | scales. (AC +3) [potion of mutation]
 71647 | Zig:21   | Entered Level 21 of a ziggurat
 71662 | Zig:21   | Noticed an ancient lich
 71664 | Zig:21   | Killed an ancient lich
 71664 | Zig:21   | Noticed an ancient lich
 71673 | Zig:21   | Noticed an ancient lich
 71676 | Zig:21   | Killed an ancient lich
 71680 | Zig:21   | Noticed an ancient lich
 71685 | Zig:21   | Killed an ancient lich
 71685 | Zig:21   | Killed an ancient lich
 71688 | Zig:21   | Noticed an ancient lich
 71704 | Zig:21   | Killed an ancient lich
 71957 | Zig:21   | Got a fading demon blade
 71959 | Zig:21   | Identified the +9 demon blade "Hashanor" {flame, +Blink
                  | rPois rF++} (You found it on level 21 of a ziggurat)
 71978 | Zig:22   | Entered Level 22 of a ziggurat
 72006 | Zig:22   | Noticed an ancient lich
 72008 | Zig:22   | Noticed an ancient lich
 72012 | Zig:22   | Noticed an ancient lich
 72017 | Zig:22   | Killed an ancient lich
 72017 | Zig:22   | Killed an ancient lich
 72020 | Zig:22   | Killed an ancient lich
 72176 | Zig:22   | Got a transparent iron ring
 72178 | Zig:22   | Identified the ring of Oshroff {rPois rC+ Str+2 SInv} (You
                  | found it on level 22 of a ziggurat)
 72181 | Zig:22   | Got a flickering wooden ring
 72182 | Zig:22   | Identified the ring "Boraur" {Wiz rPois rF- Int+2 Slay+3
                  | Stlth+} (You found it on level 22 of a ziggurat)
 72186 | Zig:22   | Identified Sif Muna's Handbook of Fire and Flight
 72252 | Zig:22   | Got a masterwork tower shield
 72263 | Zig:22   | Identified the +5 tower shield "Hiecluf" {-Cast Regen+
                  | Str-3 Int+10} (You found it on level 22 of a ziggurat)
 72277 | Zig:22   | Got a shimmering whip
 72278 | Zig:22   | Identified the +5 whip of Profit {freeze, rF+ Str+6 Dex-4
                  | Stlth+} (You found it on level 22 of a ziggurat)
 72294 | Zig:23   | Entered Level 23 of a ziggurat
 72310 | Zig:23   | Noticed a greater mummy
 72315 | Zig:23   | Noticed a greater mummy
 72315 | Zig:23   | Noticed a greater mummy
 72316 | Zig:23   | Noticed a greater mummy
 72321 | Zig:23   | Killed a greater mummy
 72321 | Zig:23   | Noticed a greater mummy
 72322 | Zig:23   | Noticed a greater mummy
 72323 | Zig:23   | Noticed a greater mummy
 72325 | Zig:23   | Killed a greater mummy
 72325 | Zig:23   | Noticed a greater mummy
 72327 | Zig:23   | Killed a greater mummy
 72328 | Zig:23   | Killed a greater mummy
 72328 | Zig:23   | Noticed a greater mummy
 72328 | Zig:23   | Noticed a greater mummy
 72329 | Zig:23   | Noticed a greater mummy
 72333 | Zig:23   | Killed a greater mummy
 72339 | Zig:23   | Noticed a greater mummy
 72346 | Zig:23   | Killed a greater mummy
 72346 | Zig:23   | Killed a greater mummy
 72347 | Zig:23   | Killed a greater mummy
 72349 | Zig:23   | Killed a greater mummy
 72357 | Zig:23   | Killed a greater mummy
 72357 | Zig:23   | Killed a greater mummy
 72367 | Zig:23   | Killed a greater mummy
 72539 | Zig:23   | Identified Sif Muna's Grimoire of Flight and Confrontation
 72541 | Zig:23   | Identified the Reference Book on the Feathery Mountains
 72630 | Zig:23   | Got a slimy dagger
 72631 | Zig:23   | Identified the +5 dagger of Kiog {flame, +Rage rElec MR-
                  | SInv} (You found it on level 23 of a ziggurat)
 72634 | Zig:23   | Got a scorched mace
 72635 | Zig:23   | Identified the +4 mace "Killer Bee's Regret" {venom, rC+
                  | Dex+8} (You found it on level 23 of a ziggurat)
 72652 | Zig:24   | Entered Level 24 of a ziggurat
 72935 | Zig:24   | Identified the Grimoire of Combat Magic
 73068 | Zig:24   | Got a fading falchion
 73069 | Zig:24   | Identified the +6 falchion "Dragonslayer" {vorpal, rN+}
                  | (You found it on level 24 of a ziggurat)
 73121 | Zig:25   | Entered Level 25 of a ziggurat
 73162 | Zig:25   | Reached skill level 10 in Dodging
 73479 | Zig:26   | Entered Level 26 of a ziggurat
 73493 | Zig:26   | Noticed a juggernaut
 73496 | Zig:26   | Noticed a juggernaut
 73500 | Zig:26   | Noticed a juggernaut
 73504 | Zig:26   | Killed a juggernaut
 73504 | Zig:26   | Noticed a juggernaut
 73506 | Zig:26   | Noticed a juggernaut
 73507 | Zig:26   | Killed a juggernaut
 73507 | Zig:26   | Noticed a juggernaut
 73508 | Zig:26   | Noticed a juggernaut
 73508 | Zig:26   | Noticed a juggernaut
 73509 | Zig:26   | Noticed a juggernaut
 73512 | Zig:26   | Killed a juggernaut
 73514 | Zig:26   | Noticed a juggernaut
 73521 | Zig:26   | Killed a juggernaut
 73521 | Zig:26   | Noticed a juggernaut
 73521 | Zig:26   | Noticed a juggernaut
 73524 | Zig:26   | Noticed a juggernaut
 73524 | Zig:26   | Noticed a juggernaut
 73524 | Zig:26   | Killed a juggernaut
 73524 | Zig:26   | Killed a juggernaut
 73524 | Zig:26   | Killed a juggernaut
 73525 | Zig:26   | Killed a juggernaut
 73538 | Zig:26   | Killed a juggernaut
 73538 | Zig:26   | Killed a juggernaut
 73538 | Zig:26   | Killed a juggernaut
 73539 | Zig:26   | Killed a juggernaut
 73540 | Zig:26   | Killed a juggernaut
 73540 | Zig:26   | Killed a juggernaut
 73546 | Zig:26   | Noticed a juggernaut
 73562 | Zig:26   | Noticed a juggernaut
 73564 | Zig:26   | Killed a juggernaut
 73571 | Zig:26   | Killed a juggernaut
 73741 | Zig:26   | Found the +7 lajatang of Order {silver, rMut}
 73749 | Zig:26   | Got a coiled granite ring
 73765 | Zig:26   | Identified the Almanac of the Frostbite and Enchantment
 73768 | Zig:26   | Got a vibrating marble ring
 73771 | Zig:26   | Identified the Collected Works on Orientation and Clay
 73826 | Zig:26   | Identified the ring "Ycax" {+Inv rPois rN+ Slay+3} (You
                  | found it on level 26 of a ziggurat)
 73828 | Zig:26   | Identified the ring "Duacs" {rF+ MP+9} (You found it on
                  | level 26 of a ziggurat)
 73844 | Zig:27   | Entered Level 27 of a ziggurat
 73886 | Zig:27   | Noticed a shard shrike
 73905 | Zig:27   | Killed a shard shrike
 73906 | Zig:27   | Reached skill level 27 in Air Magic
 73908 | Zig:27   | Noticed a shard shrike
 73930 | Zig:27   | Killed a shard shrike
 73959 | Zig:27   | Found the +4 Cigotuvi's embrace {rRot *Drain rN+}
 74078 | Zig:27   | Found the +3 sling "Punk" {acid, rCorr}
 74108 | Zig:27   | Identified The Intricacies of Hermeneutics
 74113 | Zig:27   | Got a scorched silver ring
 74234 | Zig:27   | Identified the cursed ring "Gaqao" {rElec MP-9 Int+7
                  | Slay-4} (You found it on level 27 of a ziggurat)
 74330 | Tomb:3   | Lost mutation: You are mostly covered in thin metallic
                  | scales. (AC +3) [potion of mutation]
 74330 | Tomb:3   | Lost mutation: Your flesh is heat resistant. (rF+) [potion
                  | of mutation]
 74330 | Tomb:3   | Lost mutation: You are partially covered in thin metallic
                  | scales. (AC +2) [potion of mutation]
 74330 | Tomb:3   | Lost mutation: Your system is resistant to poisons. (rPois)
                  | [potion of mutation]
 74330 | Tomb:3   | Gained mutation: You have very sharp teeth. [potion of
                  | mutation]
 74330 | Tomb:3   | Gained mutation: You are covered in fur. (AC +1) [potion of
                  | mutation]
 74330 | Tomb:3   | Gained mutation: You have large cloven feet. [potion of
                  | mutation]
 74331 | Tomb:3   | Lost mutation: You are covered in fur. (AC +1) [potion of
                  | mutation]
 74331 | Tomb:3   | Gained mutation: You are agile. (Dex +2) [potion of
                  | mutation]
 74331 | Tomb:3   | Gained mutation: You are dopey. (Int -2) [potion of
                  | mutation]
 74331 | Tomb:3   | Gained mutation: Your muscles are strong. (Str +2) [potion
                  | of mutation]
 74332 | Tomb:3   | Lost mutation: You passively map the area around you.
                  | [potion of mutation]
 74332 | Tomb:3   | Lost mutation: You passively map a small area around you.
                  | [potion of mutation]
 74332 | Tomb:3   | Lost mutation: You are dopey. (Int -2) [potion of mutation]
 74332 | Tomb:3   | Lost mutation: Your muscles are strong. (Str +2) [potion of
                  | mutation]
 74332 | Tomb:3   | Gained mutation: You are very agile. (Dex +4) [potion of
                  | mutation]
 74332 | Tomb:3   | Gained mutation: You evolve. [potion of mutation]
 74333 | Tomb:3   | Lost mutation: You have large cloven feet. [potion of
                  | mutation]
 74333 | Tomb:3   | Lost mutation: You are very agile. (Dex +4) [potion of
                  | mutation]
 74333 | Tomb:3   | Lost mutation: You evolve. [potion of mutation]
 74333 | Tomb:3   | Gained mutation: You are robust. (+10% HP) [potion of
                  | mutation]
 74334 | Tomb:3   | Lost mutation: You are agile. (Dex +2) [potion of mutation]
 74334 | Tomb:3   | Lost mutation: You are robust. (+10% HP) [potion of
                  | mutation]
 74334 | Tomb:3   | Gained mutation: Your muscles are strong. (Str +2) [potion
                  | of mutation]
 74334 | Tomb:3   | Gained mutation: Armour fits poorly on your strangely
                  | shaped body. [potion of mutation]
 74334 | Tomb:3   | Gained mutation: You have sharp toenails. [potion of
                  | mutation]
 74335 | Tomb:3   | Lost mutation: Your muscles are strong. (Str +2) [potion of
                  | mutation]
 74335 | Tomb:3   | Lost mutation: Armour fits poorly on your strangely shaped
                  | body. [potion of mutation]
 74335 | Tomb:3   | Lost mutation: You have sharp toenails. [potion of
                  | mutation]
 74335 | Tomb:3   | Gained mutation: Your muscles are strong. (Str +2) [potion
                  | of mutation]
 74335 | Tomb:3   | Gained mutation: You are resistant to hostile enchantments.
                  | (MR+) [potion of mutation]
 74335 | Tomb:3   | Gained mutation: You do not regenerate when monsters are
                  | visible. [potion of mutation]
 74335 | Tomb:3   | Gained mutation: Your spells are a little harder to cast,
                  | but a little more powerful. [potion of mutation]
 74336 | Tomb:3   | Lost mutation: Your spells are a little harder to cast, but
                  | a little more powerful. [potion of mutation]
 74336 | Tomb:3   | Lost mutation: Your muscles are strong. (Str +2) [potion of
                  | mutation]
 74336 | Tomb:3   | Lost mutation: You are resistant to hostile enchantments.
                  | (MR+) [potion of mutation]
 74336 | Tomb:3   | Gained mutation: Your body sometimes deteriorates upon
                  | taking damage. [potion of mutation]
 74336 | Tomb:3   | Gained mutation: You are clumsy. (Dex -2) [potion of
                  | mutation]
 74336 | Tomb:3   | Gained mutation: Your movements are slightly less
                  | encumbered by armour. (ER -2) [potion of mutation]
 74337 | Tomb:3   | Lost mutation: You do not regenerate when monsters are
                  | visible. [potion of mutation]
 74337 | Tomb:3   | Lost mutation: Your body sometimes deteriorates upon taking
                  | damage. [potion of mutation]
 74337 | Tomb:3   | Gained mutation: You are frail. (-10% HP) [potion of
                  | mutation]
 74337 | Tomb:3   | Gained mutation: You expend magic power (3 MP) to
                  | strengthen your wands. [potion of mutation]
 74338 | Tomb:3   | Lost mutation: You are frail. (-10% HP) [potion of
                  | mutation]
 74338 | Tomb:3   | Gained mutation: You are frail. (-10% HP) [potion of
                  | mutation]
 74338 | Tomb:3   | Gained mutation: Your system is resistant to poisons.
                  | (rPois) [potion of mutation]
 74338 | Tomb:3   | Gained mutation: You are resistant to electric shocks.
                  | (rElec) [potion of mutation]
 74339 | Tomb:3   | Lost mutation: You have very sharp teeth. [potion of
                  | mutation]
 74339 | Tomb:3   | Lost mutation: You are clumsy. (Dex -2) [potion of
                  | mutation]
 74339 | Tomb:3   | Lost mutation: You are frail. (-10% HP) [potion of
                  | mutation]
 74400 | Zig:1    | Entered Level 1 of a ziggurat
 74449 | Zig:2    | Entered Level 2 of a ziggurat
 74489 | Zig:3    | Entered Level 3 of a ziggurat
 74537 | Zig:4    | Entered Level 4 of a ziggurat
 74538 | Zig:4    | Noticed Ugyn the pandemonium lord
 74546 | Zig:4    | Killed Ugyn the pandemonium lord
 74607 | Zig:5    | Entered Level 5 of a ziggurat
 74664 | Zig:6    | Entered Level 6 of a ziggurat
 74668 | Zig:6    | Noticed a juggernaut
 74681 | Zig:6    | Killed a juggernaut
 74753 | Zig:7    | Entered Level 7 of a ziggurat
 74771 | Zig:7    | Reached skill level 15 in Evocations
 74830 | Zig:8    | Entered Level 8 of a ziggurat
 74836 | Zig:8    | Noticed a greater mummy
 74839 | Zig:8    | Noticed a greater mummy
 74848 | Zig:8    | Killed a greater mummy
 74856 | Zig:8    | Killed a greater mummy
 74891 | Zig:8    | Got a transparent ruby amulet
 74893 | Zig:8    | Got a pitted platinum ring
 74921 | Zig:9    | Entered Level 9 of a ziggurat
 74927 | Zig:9    | Noticed a greater mummy
 74928 | Zig:9    | Noticed a greater mummy
 74930 | Zig:9    | Noticed a greater mummy
 74935 | Zig:9    | Killed a greater mummy
 74941 | Zig:9    | Killed a greater mummy
 74943 | Zig:9    | Killed a greater mummy
 75068 | Zig:10   | Entered Level 10 of a ziggurat
 75082 | Zig:10   | Reached skill level 1 in Crossbows
 75137 | Zig:10   | Got a translucent brass ring
 75188 | Zig:10   | Identified the ring of Qazlal's Condemnation {Str+7 Int+3
                  | Slay+4} (You found it on level 10 of a ziggurat)
 75190 | Zig:10   | Identified the amulet of Buost {RegenMP +Fly rF+ Int+3
                  | Slay+3} (You found it on level 8 of a ziggurat)
 75193 | Zig:10   | Identified the ring "Cijusiu" {Ice Str+9 Int-2} (You found
                  | it on level 8 of a ziggurat)
 75202 | Zig:11   | Entered Level 11 of a ziggurat
 75263 | Zig:11   | Got a transparent iron ring
 75331 | Zig:12   | Entered Level 12 of a ziggurat
 75341 | Zig:12   | Noticed an ancient lich
 75344 | Zig:12   | Reached skill level 5 in Crossbows
 75345 | Zig:12   | Killed an ancient lich
 75393 | Zig:12   | Identified the Tome of Poisoning
 75448 | Zig:13   | Entered Level 13 of a ziggurat
 75453 | Zig:13   | Noticed Buymaweh the pandemonium lord
 75454 | Zig:13   | Noticed a Killer Klown
 75454 | Zig:13   | Noticed Meaptengugg the pandemonium lord
 75455 | Zig:13   | Noticed a Killer Klown
 75456 | Zig:13   | Noticed Zeof the pandemonium lord
 75456 | Zig:13   | Noticed a Killer Klown
 75456 | Zig:13   | Noticed a Killer Klown
 75457 | Zig:13   | Noticed a Killer Klown
 75458 | Zig:13   | Noticed a Killer Klown
 75459 | Zig:13   | Noticed Fid Ruic the pandemonium lord
 75460 | Zig:13   | Noticed Rac Wosy the pandemonium lord
 75462 | Zig:13   | Noticed a Killer Klown
 75462 | Zig:13   | Noticed Wobeal the pandemonium lord
 75463 | Zig:13   | Noticed a Killer Klown
 75465 | Zig:13   | Killed a Killer Klown
 75465 | Zig:13   | Killed a Killer Klown
 75465 | Zig:13   | Killed Buymaweh the pandemonium lord
 75467 | Zig:13   | Killed Wobeal the pandemonium lord
 75469 | Zig:13   | Killed Rac Wosy the pandemonium lord
 75470 | Zig:13   | Killed a Killer Klown
 75470 | Zig:13   | Killed a Killer Klown
 75471 | Zig:13   | Killed Zeof the pandemonium lord
 75472 | Zig:13   | Killed Meaptengugg the pandemonium lord
 75472 | Zig:13   | Killed Fid Ruic the pandemonium lord
 75473 | Zig:13   | Killed a Killer Klown
 75473 | Zig:13   | Killed a Killer Klown
 75474 | Zig:13   | Killed a Killer Klown
 75477 | Zig:13   | Killed a Killer Klown
 75555 | Zig:13   | Identified the Guide on Orientation and Sinister Arts
 75603 | Zig:14   | Entered Level 14 of a ziggurat
 75611 | Zig:14   | Noticed a greater mummy
 75612 | Zig:14   | Noticed a greater mummy
 75612 | Zig:14   | Noticed a greater mummy
 75613 | Zig:14   | Noticed a greater mummy
 75616 | Zig:14   | Noticed a greater mummy
 75617 | Zig:14   | Noticed a greater mummy
 75619 | Zig:14   | Killed a greater mummy
 75620 | Zig:14   | Killed a greater mummy
 75621 | Zig:14   | Killed a greater mummy
 75622 | Zig:14   | Killed a greater mummy
 75627 | Zig:14   | Killed a greater mummy
 75628 | Zig:14   | Killed a greater mummy
 75628 | Zig:14   | Reached skill level 10 in Crossbows
 75655 | Zig:14   | Identified the Compendium of the Enthralling Volcanoes
 75801 | Zig:15   | Entered Level 15 of a ziggurat
 75807 | Zig:15   | Noticed a juggernaut
 75813 | Zig:15   | Noticed a juggernaut
 75816 | Zig:15   | Killed a juggernaut
 75823 | Zig:15   | Killed a juggernaut
 75956 | Zig:15   | Got a steaming steel ring
 75958 | Zig:15   | Got a crude marble ring
 76004 | Zig:15   | Reached skill level 15 in Fighting
 76005 | Zig:15   | Reached skill level 15 in Armour
 76007 | Zig:15   | Identified the ring "Ruliyhenu" {rPois rN+ Int+2} (You
                  | found it on level 11 of a ziggurat)
 76009 | Zig:15   | Identified the cursed ring "Xakemurr" {Int+6 Dex-4} (You
                  | found it on level 15 of a ziggurat)
 76011 | Zig:15   | Identified the ring "Huddy" {*Slow MP+9 Str+4 Dex+4} (You
                  | found it on level 15 of a ziggurat)
 76022 | Zig:16   | Entered Level 16 of a ziggurat
 76032 | Zig:16   | Noticed an ancient lich
 76033 | Zig:16   | Noticed an ancient lich
 76035 | Zig:16   | Reached skill level 5 in Unarmed Combat
 76038 | Zig:16   | Noticed an ancient lich
 76039 | Zig:16   | Killed an ancient lich
 76040 | Zig:16   | Killed an ancient lich
 76042 | Zig:16   | Reached skill level 15 in Stealth
 76049 | Zig:16   | Killed an ancient lich
 76173 | Zig:16   | Identified the Incunabulum of the Viperous Entourage
 76180 | Zig:16   | Identified the Papyrus of the Many Spreadsheets
 76224 | Zig:17   | Entered Level 17 of a ziggurat
 76249 | Zig:17   | Reached skill level 10 in Unarmed Combat
 76597 | Zig:18   | Entered Level 18 of a ziggurat
 76624 | Zig:18   | Noticed an ancient lich
 76638 | Zig:18   | Killed an ancient lich
 76811 | Zig:19   | Entered Level 19 of a ziggurat
 77021 | Zig:20   | Entered Level 20 of a ziggurat
 77372 | Zig:20   | Got a sparkling bone ring
 77456 | Zig:21   | Entered Level 21 of a ziggurat
 77481 | Zig:21   | Noticed a juggernaut
 77512 | Zig:21   | Killed a juggernaut
 77539 | Zig:21   | Found the +6 Majin-Bo {vamp, Archmagi MP+6 Int+6}
 77696 | Zig:21   | Got a translucent bronze ring
 77704 | Zig:21   | Identified Qabekh's Almanac of Attacks
 77828 | Zig:21   | Identified the ring "Ewei" {rElec rPois Int-4 Dex+6} (You
                  | found it on level 20 of a ziggurat)
 77830 | Zig:21   | Identified the ring "Ateh" {rC+ rN+ Str+7 Stlth+} (You
                  | found it on level 21 of a ziggurat)
 77865 | Zig:22   | Entered Level 22 of a ziggurat
 77892 | Zig:22   | Found the +5 robe of Misfortune {*Contam Harm *Corrode
                  | *Drain *Slow EV+5}
 77894 | Zig:22   | Found the +3 salamander hide armour {+Rage rF++}
 78050 | Zig:22   | Identified the Handbook of Creative Darkness
 78074 | Zig:22   | Identified the Almanac of Protection and Stones
 78190 | Zig:22   | Got a jewelled kite shield
 78202 | Zig:22   | Identified the +9 kite shield of Pragmatism {rPois MP+9}
                  | (You found it on level 22 of a ziggurat)
 78247 | Zig:23   | Entered Level 23 of a ziggurat
 78282 | Zig:23   | Reached skill level 15 in Dodging
 78462 | Zig:23   | Got an ancient zirconium amulet
 78465 | Zig:23   | Got a slimy brass ring
 78475 | Zig:23   | Got a wavering silver ring
 78477 | Zig:23   | Got a pitted copper amulet
 78568 | Zig:24   | Entered Level 24 of a ziggurat
 78583 | Zig:24   | Noticed Ufisemno the pandemonium lord
 78597 | Zig:24   | Noticed Niasyax the pandemonium lord
 78598 | Zig:24   | Noticed Naesu Xenaha the pandemonium lord
 78603 | Zig:24   | Noticed a Killer Klown
 78603 | Zig:24   | Noticed a Killer Klown
 78603 | Zig:24   | Noticed Womoilil the pandemonium lord
 78604 | Zig:24   | Noticed a Killer Klown
 78605 | Zig:24   | Noticed a Killer Klown
 78605 | Zig:24   | Killed Ufisemno the pandemonium lord
 78605 | Zig:24   | Killed Niasyax the pandemonium lord
 78606 | Zig:24   | Killed Naesu Xenaha the pandemonium lord
 78606 | Zig:24   | Noticed Pubinaatoo the pandemonium lord
 78612 | Zig:24   | Noticed Qughas the pandemonium lord
 78612 | Zig:24   | Noticed Sielial the pandemonium lord
 78613 | Zig:24   | Noticed a Killer Klown
 78613 | Zig:24   | Noticed Qeepalof the pandemonium lord
 78613 | Zig:24   | Noticed Winozo the pandemonium lord
 78615 | Zig:24   | Killed Womoilil the pandemonium lord
 78615 | Zig:24   | Noticed Punihitz the pandemonium lord
 78615 | Zig:24   | Noticed a Killer Klown
 78617 | Zig:24   | Killed a Killer Klown
 78618 | Zig:24   | Noticed Locitt the pandemonium lord
 78618 | Zig:24   | Killed a Killer Klown
 78618 | Zig:24   | Killed Pubinaatoo the pandemonium lord
 78618 | Zig:24   | Noticed Vyqaox the pandemonium lord
 78619 | Zig:24   | Noticed Tiopramn the pandemonium lord
 78619 | Zig:24   | Noticed a Killer Klown
 78620 | Zig:24   | Noticed Rich the pandemonium lord
 78620 | Zig:24   | Noticed Wyphutri the pandemonium lord
 78621 | Zig:24   | Killed a Killer Klown
 78621 | Zig:24   | Killed a Killer Klown
 78621 | Zig:24   | Noticed Pocsihidgh the pandemonium lord
 78622 | Zig:24   | Noticed Rufyjeos the pandemonium lord
 78622 | Zig:24   | Noticed Hyps the pandemonium lord
 78624 | Zig:24   | Noticed Wopremei the pandemonium lord
 78627 | Zig:24   | HP: 5/220 [Sielial the pandemonium lord (16)]
 78628 | Zig:24   | Mangled by Winozo the pandemonium lord

Illustrated notes

Levels and vault maps discovered:
D:1:      lemuel_arrival_lava_pool, layout_loops_corners
D:2:      layout_basic, nicolae_dithmenos_through_a_glass_darkly,
          chequers_temple_overflow_minitemple, tgw_kikubaaqudgha
D:3:      cheibrodos_thug_alley, layout_basic, gammafunk_temple_overflow_wave,
          serial_forest, infiniplex_forest_lined_corner,
          infiniplex_forest_3_way, infiniplex_forest_clump_small,
          infiniplex_forest_lined_room_2, infiniplex_forest_end_1,
          infiniplex_forest_clump_tiny, infiniplex_forest_zigzag_1,
          infiniplex_forest_lined_1, infiniplex_forest_lined_3_way,
          infiniplex_forest_lined_1, nicolae_ru_awakened_eye, uniq_robin
D:4:      layout_loops_ring, serial_aquarium, aquarium_bridge_square
          [aquarium_subvault_wall, aquarium_subvault_window,
          aquarium_subvault_bridge, aquarium_subvault_wall],
          aquarium_window_fake, aquarium_window_corner, aquarium_view_2f,
          aquarium_balcony_3a, aquarium_pool_1, minivault_26,
          minmay_manual_mares, uniq_duvessa, uniq_grinder, uniq_eustachio
D:5:      layout_gridville, first_ration, ebering_ghost_reflecting_pool,
          uniq_blork_the_orc, uniq_edmund
D:6:      layout_rooms, cheibrodos_sewer_entry_bend, uniq_crazy_yiuf_cottage,
          uniq_maggie, uniq_prince_ribbit1
D:7:      lemuel_ratsnest, layout_basic, minmay_temple_entry_waves
D:8:      layout_basic, erik_lair_island
D:9:      layout_irregular_city, hangedman_ranch [blue_anna_fruit_fields],
          uniq_maurice
D:10:     layout_basic, erik_orc_4, basic_altar
D:11:     layout_basic, trove_entry_hex_spiral, basic_altar, uniq_sonja
D:12:     layout_rooms, gammafunk_ghost_mausoleum, minivault_11
D:13:     minmay_the_grid_square_5x5_5x5_mashed
          [minmay_the_grid_square_5x5_plus, minmay_the_grid_square_5x5_three,
          minmay_the_grid_square_5x5_bridge,
          minmay_the_grid_square_5x5_fancy_junction,
          minmay_the_grid_square_5x5_checkered_statues,
          minmay_the_grid_square_5x5_six_small,
          minmay_the_grid_square_5x5_prize_itemx,
          minmay_the_grid_square_5x5_inverted_slash,
          minmay_the_grid_square_5x5_prize_open,
          minmay_the_grid_square_5x5_empty, minmay_the_grid_square_5x5_spiral,
          minmay_the_grid_square_5x5_trominoes,
          minmay_the_grid_square_5x5_prize_junk,
          minmay_the_grid_square_5x5_checkered_sparse,
          minmay_the_grid_square_5x5_lines,
          minmay_the_grid_square_5x5_doubleslash,
          minmay_the_grid_square_5x5_prize_monsterx,
          minmay_the_grid_square_5x5_v,
          minmay_the_grid_square_5x5_prize_pseudospiral,
          minmay_the_grid_square_5x5_three_walls, minmay_the_grid_square_5x5_c,
          minmay_the_grid_square_5x5_fat_x, minmay_the_grid_square_5x5_percent,
          minmay_the_grid_square_5x5_mess,
          minmay_the_grid_square_5x5_minivault], layout_layer_cave,
          minmay_guarded_unrand_finisher
D:14:     layout_cave_pools, erik_vaults_2
D:15:     hangedman_depths_entry_try_elsewhere_first, layout_irregular_city,
          minmay_misc_feat_roman, hangedman_decor_slide_cut
Temple:   regret_index_temple_generic_petals
Lair:1:   layout_loops_ring, basic_altar
Lair:2:   layout_gridlike, pond, lemuel_fruit_fields
Lair:3:   layout_roguey, st_stairs_3
Lair:4:   layout_gridlike, swamp_mist_pool, nicolae_spider_entry_tight_spaces,
          nicolae_volcano_entry_batcave, uniq_snorg
Lair:5:   layout_layer_cave, serial_bayou_pond_c, uniq_nessos
Lair:6:   minmay_lair_end_frog_pond, layout_small_grid, slime_dummy, uniq_rupert
Swamp:1:  layout_falls_marsh, evilmike_swamp_ruin_rubble_1, uniq_aizul
Swamp:2:  layout_basic_swamp, serial_swamp_ruin, evilmike_swamp_ruin_house_1,
          evilmike_swamp_ruin_house_3, swamp_pool1
Swamp:3:  layout_basic_swamp, infiniplex_staircase_pool, swamp_pool1
Swamp:4:  byrel_swamp_growth_death_and_undeath, layout_basic_swamp, uniq_louise
Spider:1: layout_spider_delve, uniq_nikola, uniq_asterion, uniq_agnes,
          uniq_azrael
Spider:2: layout_chambers, drop_trap, nicolae_spider_cling_halls, uniq_arachne
Spider:3: layout_spider_delve, guppyfry_spider_mini_3
Spider:4: grunt_spider_rune_circles
Orc:1:    layout_caves, chequers_guarded_unrand_ignorance, uniq_jorgrun
Orc:2:    pubby_orc_utopia, serial_shops, uniq_josephine
Elf:1:    layout_onion_city, minmay_elf_annihilation, lemuel_flamethrower_2
Elf:2:    layout_geoelf_diagonals, serial_shops, shop
Elf:3:    minmay_elf_hall_spiked, layout_onion_city,
          portal_ice_cave_entry_pillars_three
Vaults:1: nicolae_vaults_little_squares_4, nicolae_vaults_alarming,
          grunt_vaults_hallway_long, hangedman_vaults_maws, st_spiral_rooms,
          hangedman_vaults_nails, v_rooms_5, nicolae_vaults_shelves_hall,
          vaults_mumra_minichess, ontoclasm_vaults_pinch, layout_vaults_omnigrid
Vaults:2: nicolae_vaults_network_star, v_misc_24, nicolae_vaults_little_ls,
          hangedman_vaults_hat, vaults_room_pool,
          dpeg_vaults_pockets_of_resistance, v_misc_1, v_alt_pattern_4,
          vaults_room_pools, v_misc_2, layout_vaults_maze_snakey, uniq_frederick
Vaults:3: v_rooms_4, minmay_crypt_entry_simple_round, hangedman_vaults_nails,
          hangedman_vaults_pinch, v_misc_17, v_pattern_2, v_misc_27,
          ontoclasm_vaults_chip, ontoclasm_vaults_loading_screen,
          v_alt_pattern_4, nicolae_vaults_little_squares_2, layout_vaults_ring,
          uniq_mara
Vaults:4: nicolae_vaults_holding_cells, ontoclasm_vaults_gateway,
          vaults_room_stairs_pillars, v_misc_25, v_misc_24, v_rooms_3,
          hangedman_vaults_maws, vaults_dpeg_encased_lava, v_misc_27,
          layout_vaults_omnicross, serial_shops, bzr_entry_lakeside,
          portal_desolation_entry_ruin
Vaults:5: serial_shops, uniq_bai_suzhen
Crypt:1:  layout_chaotic_city, roderic_lattice_octagonal_star
Crypt:2:  layout_chaotic_city, uniq_donald, uniq_margery
Crypt:3:  quadcrypt_mu
Tomb:1:   uniq_jory
Tomb:2
Tomb:3:   uniq_khufu
Zig:24

Skill      XL: |  1  2  3  4  5  6  7  8  9 10 11 12 13 14 15 16 17 18 19 20 21 22 23 24 25 26 27 |
---------------+----------------------------------------------------------------------------------+-----
Conjurations   | 1 2 3 4 5 6 |  6.0
Fire Magic     | 1 2 3 5 |  5.0
Air Magic      | 1 2 4 5 27 | 27.0
Shields        | 3 8 9 10 12 15 23 | 23.1
Dodging        | 2 5 6 7 8 15 | 15.6
Fighting       | 6 7 8 10 18 | 18.9
Armour         | 6 7 9 10 18 | 18.9
Spellcasting   | 5 6 7 8 9 10 12 15 17 18 | 18.0
Necromancy     | 4 6 8 9 13 15 17 19 | 19.0
Charms         | 6 |  6.0
Ice Magic      | 6 |  6.0
Transmutations | 5 8 10 16 19 22 | 22.1
Earth Magic    | 2 9 12 15 18 21 24 27 | 27.0
Summonings     | 8 |  8.0
Evocations     | 21 | 21.8
Stealth        | 18 | 18.4
Crossbows      | 12 | 12.2
Unarmed Combat | 12 | 12.3
Translocations | |  0.8

Action                   |  1- 3 |  4- 6 |  7- 9 | 10-12 | 13-15 | 16-18 | 19-21 | 22-24 | 25-27 || total
-------------------------+-------+-------+-------+-------+-------+-------+-------+-------+-------++-------
Melee: Club              |     5 |       |       |       |       |       |       |       |       ||     5
       Short sword       |     5 |    31 |       |       |       |       |       |       |       ||    36
       Spear             |       |    12 |     2 |       |       |       |       |       |       ||    14
       Rapier            |       |    31 |    29 |       |       |       |       |       |       ||    60
       Halberd           |       |       |    56 |    45 |       |       |       |       |       ||   101
       Trident           |       |       |    37 |   441 |       |       |       |       |       ||   478
       Falchion          |       |       |       |     2 |    20 |       |       |       |       ||    22
       Dagger            |       |       |       |   219 |   144 |   272 |   282 |       |       ||   917
       Scythe            |       |       |       |       |   787 |   976 |   344 |   589 |   113 ||  2809
       Staff             |       |       |       |       |       |       |       |       |     7 ||     7
       Morningstar       |       |       |       |       |       |       |       |       |     7 ||     7
       Hand axe          |       |       |       |       |       |       |       |       |     1 ||     1
 Fire: Hunting sling     |       |    50 |    40 |       |       |       |       |       |       ||    90
       Longbow           |       |       |       |       |       |     3 |    13 |       |       ||    16
       Arbalest          |       |       |       |       |       |       |       |     4 |       ||     4
Throw: Dart              |       |    10 |    18 |       |       |       |       |       |       ||    28
 Cast: Magic Dart        |    66 |   117 |   123 |   137 |    22 |    10 |       |       |       ||   475
       Mephitic Cloud    |       |     6 |    26 |    83 |   120 |   104 |    98 |     1 |       ||   438
       Conjure Flame     |       |     2 |    22 |    59 |    47 |    97 |    23 |     2 |       ||   252
       Vampiric Draining |       |       |       |    21 |   165 |   116 |    36 |     4 |       ||   342
       Dispel Undead     |       |       |       |    13 |    31 |    46 |    10 |    31 |    39 ||   170
       Ozocubu's Armour  |       |       |       |       |     5 |     2 |    22 |    34 |    43 ||   106
       Hailstorm         |       |       |       |       |     3 |       |       |       |       ||     3
       Borgnjor's Vile C |       |       |       |       |       |   142 |   215 |   388 |   310 ||  1055
       Petrify           |       |       |       |       |       |    12 |     2 |       |       ||    14
       Sublimation of Bl |       |       |       |       |       |     1 |    12 |    11 |    22 ||    46
       Statue Form       |       |       |       |       |       |       |     1 |     4 |     1 ||     6
       Bolt of Magma     |       |       |       |       |       |       |    11 |     1 |     8 ||    20
       Necromutation     |       |       |       |       |       |       |       |    25 |   122 ||   147
       Shatter           |       |       |       |       |       |       |       |       |   305 ||   305
       Aura of Abjuratio |       |       |       |       |       |       |       |       |     4 ||     4
       Tornado           |       |       |       |       |       |       |       |       |    62 ||    62
       Shroud of Golubri |       |       |       |       |       |       |       |       |     1 ||     1
Invok: Receive Necronomi |       |       |       |     1 |       |       |       |       |       ||     1
       Renounce Religion |       |       |       |     1 |       |       |       |       |       ||     1
       Potion Petition   |       |       |       |       |     1 |       |       |       |    47 ||    48
       Call Merchant     |       |       |       |       |       |       |       |       |     8 ||     8
 Abil: Dig               |     5 |    11 |    21 |    29 |    48 |    15 |     6 |     6 |       ||   141
       End Transformatio |       |       |       |       |       |       |       |     4 |    18 ||    22
Evoke: Wand              |       |       |     2 |       |       |       |     1 |       |     3 ||     6
       Lightning rod     |       |       |       |       |     4 |       |       |       |       ||     4
       Box of beasts     |       |       |       |       |       |     1 |       |       |     1 ||     2
       Staff of energy   |       |       |       |       |       |       |       |       |  1227 ||  1227
       Figurine of a zig |       |       |       |       |       |       |       |       |     2 ||     2
  Use: Scroll            |       |       |     6 |    11 |    10 |    17 |     5 |     6 |    39 ||    94
       Potion            |       |       |     1 |       |    12 |     6 |     2 |       |    38 ||    59
 Stab: Confused          |       |     1 |     5 |    37 |    27 |    35 |    54 |       |       ||   159
       Sleeping          |       |       |       |     1 |    10 |     3 |     3 |     4 |     1 ||    22
       Distracted        |       |       |       |       |     3 |     5 |     2 |     4 |       ||    14
       Invisible         |       |       |       |       |     3 |       |       |       |       ||     3
       Petrified         |       |       |       |       |       |    12 |     1 |       |       ||    13
       Petrifying        |       |       |       |       |       |     2 |       |       |       ||     2
  Eat: Chunk             |     3 |     9 |    12 |    19 |       |       |       |       |       ||    43
       Ration            |       |     1 |       |     5 |    14 |    22 |    10 |     7 |    10 ||    69
Armor: Robe              |     6 |     5 |       |       |       |       |    23 |   104 |    76 ||   214
       Leather armour    |       |     4 |    29 |    64 |   148 |   148 |    51 |       |       ||   444
       Steam dragon scal |       |       |       |    46 |    50 |       |       |       |       ||    96
       Skin              |       |       |       |       |       |       |    43 |    19 |       ||    62
       Troll leather arm |       |       |       |       |       |       |       |       |   446 ||   446
Dodge: Dodged            |    20 |    73 |    73 |   344 |   622 |   365 |   256 |   179 |   473 ||  2405
Block: Buckler           |       |       |    14 |   144 |   206 |       |       |       |       ||   364
       Kite shield       |       |       |       |       |   328 |   136 |       |       |    46 ||   510
       Tower shield      |       |       |       |       |       |  1420 |   919 |   745 |  1284 ||  4368
       Rpst.: Falchion   |       |       |       |     1 |     3 |       |       |       |       ||     4
